 Dungeon Crawl Stone Soup version 0.22-a0-422-g9628fc8 (webtiles) character file.

1961327 Serpenta the Imperceptible (level 25, 82/114 HPs)
             Began as a Spriggan Chaos Knight on May 16, 2018.
             Escaped with the Orb
             ... and 4 runes!
             The game lasted 05:35:11 (90582 turns).

Serpenta the Imperceptible (Spriggan Chaos Knight) Turns: 90582, Time: 05:35:12

Health: 82/114     AC: 11    Str: 12    XL:     25   Next: 79%
Magic:  31/44      EV: 41    Int: 14    God:    Xom [..*...]
Gold:   6941       SH: 13    Dex: 29    Spells: 0/66 levels left

rFire    + + .     SeeInvis +   a - +9 quick blade (elec)
rCold    + . .     Gourm    .   m - +3 warlock's mirror {reflect}
rNeg     + + .     Faith    .   J - +2 robe {rC+ rF+}
rPois    +         Spirit   +   d - +2 hat of the Bear Spirit {Spirit, +Rage rN+ MR++}
rElec    .         Reflect  +   g - +2 ratskin cloak {+Rats rPois rN+ Str-1 Int-1 Dex+1}
rCorr    .         Harm     .   (gloves unavailable)
MR       +++++                  (boots unavailable)
Stlth    ++++......             Q - amulet "Ywola Hocuk" {+Inv Regen+ Str+3 Dex+4}
HPRegen  0.69/turn              x - ring "Iluvuz" {+Fly MR+ Str+2 Dex+2}
MPRegen  0.29/turn              G - ring of protection from fire

@: deflect missiles, very quick
A: very small, unfitting armour, hooves 1, horns 1, thin metallic scales 1, see
invisible, dopey 2, herbivore, speed 3, frail 1, low mp 1, slow metabolism 2,
MP-powered wands
0: Orb of Zot
}: 4/15 runes: decaying, serpentine, slimy, abyssal
a: Renounce Religion, Evoke Ratskin, Evoke Berserk Rage, Evoke Invisibility,
Evoke Flight


You escaped.
You worshipped Xom.
You were a toy of Xom.
You were full.

You visited 11 branches of the dungeon, and saw 56 of its levels.
You visited the Abyss 1 time.
You visited 1 ziggurat, and saw 4 of its levels.
You also visited: Trove, Bailey and Ice Cave.

You collected 11443 gold pieces.
You spent 4502 gold pieces at shops.


Innate Abilities, Weirdness & Mutations

You are very small and have problems with some larger weapons.
You are too small for most types of armour.
You have supernaturally acute eyesight. (SInv)
You are a herbivore.
You cover ground extremely quickly.
You need to consume almost no food.
You have large cloven feet.
You have a pair of small horns on your head.
You are partially covered in thin metallic scales. (AC +2)
You are very dopey. (Int -4)
You are frail. (-10% HP)
Your magical capacity is low. (-10% MP)
You expend magic power (3 MP) to strengthen your wands.


   Skills:
 + Level 11.5 Fighting
 - Level 21.0 Short Blades
 - Level 21.0 Dodging
 - Level 26.0 Stealth
 - Level 7.2 Shields
 - Level 21.0 Spellcasting
 - Level 21.0 Hexes
 - Level 9.0 Charms
 - Level 21.0 Translocations
 - Level 6.0 Air Magic
 + Level 2.9 Earth Magic
 - Level 9.0 Evocations


You couldn't memorise any spells.
You knew the following spells:

 Your Spells              Type           Power        Failure   Level  Hunger
a - Apportation           Tloc           ######       0%          1    None
b - Blink                 Tloc           N/A          0%          2    None
c - Controlled Blink      Tloc           N/A          4%          8    #######
i - Invisibility          Hex            ######..     1%          6    #####..
m - Deflect Missiles      Chrm/Air       #####.....   24%         6    #####..
r - Regeneration          Chrm/Necr      ####......   1%          3    None
A - Ensorcelled Hibernat  Hex/Ice        #####.       1%          2    None
B - Confuse               Hex            ######..     0%          3    None
C - Silence               Hex/Air        ######....   1%          5    ###....
D - Discord               Hex            ######....   4%          8    #######
E - Passwall              Tmut/Erth      ###.......   2%          2    None
F - Cause Fear            Hex            ######....   0%          4    None
G - Summon Mana Viper     Hex/Summ       #####...     1%          5    ###....
H - Disjunction           Tloc           ######....   4%          8    #######
I - Lesser Beckoning      Tloc           ######....   0%          3    None

Your spell library contained the following spells:

 Spells                   Type           Power        Failure   Level  Hunger
 Magic Dart               Conj           ##..         3%          1    None
 Fireball                 Conj/Fire      ##........   67%         5    ###....
 Conjure Flame            Conj/Fire      ##......     10%         3    None
 Bolt of Fire             Conj/Fire      ##........   99%         6    #####..
 Bolt of Cold             Conj/Ice       ##........   99%         6    #####..
 Lightning Bolt           Conj/Air       ###.......   26%         5    ###....
 Bolt of Magma            Conj/Fire/Erth ###.......   54%         5    ###....
 Slow                     Hex            ######..     0%          2    None
 Freezing Cloud           Conj/Ice/Air   ###.......   92%         6    #####..
 Mephitic Cloud           Conj/Pois/Air  ###.....     4%          3    None
 Ring of Flames           Chrm/Fire      ####......   99%         7    ######.
 Venom Bolt               Conj/Pois      ##........   67%         5    ###....
 Iskenderun's Mystic Bla  Conj           ##......     32%         4    None
 Summon Horrible Things   Summ           ##........   100%        8    #######
 Animate Dead             Necr           N/A          32%         4    None
 Pain                     Necr           ##..         3%          1    None
 Vampiric Draining        Necr           ##........   10%         3    None
 Borgnjor's Revivificati  Necr           ##........   100%        8    #######
 Ozocubu's Refrigeration  Ice            ##........   99%         6    #####..
 Sticky Flame             Conj/Fire      ##......     32%         4    None
 Summon Ice Beast         Ice/Summ       ##......     32%         4    None
 Call Imp                 Summ           ##......     4%          2    None
 Dispel Undead            Necr           ##......     67%         5    ###....
 Sting                    Conj/Pois      ##..         3%          1    None
 Sublimation of Blood     Necr           ##........   4%          2    None
 Tukima's Dance           Hex            ######..     0%          3    None
 Summon Demon             Summ           ##........   67%         5    ###....
 Summon Greater Demon     Summ           ##........   100%        7    ######.
 Corpse Rot               Necr           N/A          4%          2    None
 Iron Shot                Conj/Erth      ###.......   96%         6    #####..
 Stone Arrow              Conj/Erth      ###...       5%          3    None
 Shock                    Conj/Air       ###.         1%          1    None
 Swiftness                Chrm/Air       #####...     1%          2    None
 Recall                   Summ/Tloc      N/A          1%          3    None
 Statue Form              Tmut/Erth      ###......    96%         6    #####..
 Ice Form                 Ice/Tmut       ##......     32%         4    None
 Dragon Form              Tmut           ##........   100%        7    ######.
 Death Channel            Necr           ##........   99%         6    #####..
 Throw Icicle             Conj/Ice       ##......     32%         4    None
 Airstrike                Air            ####......   2%          4    None
 Shadow Creatures         Summ           N/A          99%         6    #####..
 Flame Tongue             Conj/Fire      ##...        3%          1    None
 Ignite Poison            Fire/Tmut/Pois ##......     10%         3    None
 Call Canine Familiar     Summ           ##......     10%         3    None
 Metabolic Englaciation   Hex/Ice        #####.....   1%          5    ###....
 Summon Butterflies       Summ           ##......     3%          1    None
 Shatter                  Erth           ###.......   100%        9    #######
 Dispersal                Tloc           ######....   1%          6    #####..
 Static Discharge         Conj/Air       ###.....     3%          3    None
 Corona                   Hex            ######.      0%          1    None
 Alistair's Intoxication  Tmut/Pois      ##......     67%         5    ###....
 Lee's Rapid Deconstruct  Erth           ###.......   28%         5    ###....
 Simulacrum               Ice/Necr       ##........   99%         6    #####..
 Portal Projectile        Hex/Tloc       ######       0%          3    None
 Monstrous Menagerie      Summ           ##........   100%        7    ######.
 Petrify                  Tmut/Erth      ###.....     19%         4    None
 Passage of Golubria      Tloc           N/A          0%          4    None
 Orb of Destruction       Conj           ##........   100%        7    ######.
 Malign Gateway           Summ/Tloc      #####.....   36%         7    ######.
 Tornado                  Air            ####......   100%        9    #######
 Leda's Liquefaction      Hex/Erth       #####.....   1%          4    None
 Summon Hydra             Summ           ##........   100%        7    ######.
 Darkness                 Hex            ######....   1%          6    #####..
 Shroud of Golubria       Chrm/Tloc      ######....   0%          2    None
 Aura of Abjuration       Summ           ##........   67%         5    ###....
 Iskenderun's Battlesphe  Conj/Chrm      ####....     14%         5    ###....
 Fulminant Prism          Conj/Hex       #####.....   1%          4    None
 Dazzling Spray           Conj/Hex       #####.       1%          3    None
 Force Lance              Conj/Tloc      #####...     1%          4    None
 Infusion                 Chrm           ####         1%          1    None
 Song of Slaying          Chrm           #####...     1%          2    None
 Spectral Weapon          Hex/Chrm       ######..     1%          3    None
 Searing Ray              Conj           ##....       4%          2    None
 Summon Forest            Summ/Tloc      #####.....   1%          5    ###....
 Spellforged Servitor     Conj/Summ      ##........   100%        7    ######.
 Hydra Form               Tmut           ##........   99%         6    #####..
 Irradiate                Conj/Tmut      ##........   67%         5    ###....
 Gell's Gravitas          Tloc           ######....   0%          3    None
 Yara's Violent Unravell  Hex/Tmut       #####.....   1%          5    ###....
 Ignition                 Fire           ##........   100%        8    #######
 Borgnjor's Vile Clutch   Necr/Erth      ###.......   45%         5    ###....

Action                   |  1- 3 |  4- 6 |  7- 9 | 10-12 | 13-15 | 16-18 | 19-21 | 22-24 | 25-27 || total
-------------------------+-------+-------+-------+-------+-------+-------+-------+-------+-------++-------
Melee: Short sword       |   106 |   290 |   296 |   763 |  1203 |       |       |       |       ||  2658
       Headbutt          |       |       |       |    97 |   416 |   448 |   310 |    38 |   113 ||  1422
       Quick blade       |       |       |       |       |   830 |   274 |       |   454 |   358 ||  1916
       Rapier            |       |       |       |       |       |  1396 |  1844 |  1512 |       ||  4752
       Kick              |       |       |       |       |       |       |   118 |       |    69 ||   187
Throw: Throwing net      |       |       |       |     7 |     5 |     2 |       |       |       ||    14
 Cast: Silence           |       |       |       |       |       |    10 |    27 |    12 |     1 ||    50
       Discord           |       |       |       |       |       |     1 |    13 |    31 |     5 ||    50
       Ensorcelled Hiber |       |       |       |       |       |       |    89 |   137 |     4 ||   230
       Summon Mana Viper |       |       |       |       |       |       |     2 |    14 |    13 ||    29
       Invisibility      |       |       |       |       |       |       |    19 |    19 |     8 ||    46
       Confuse           |       |       |       |       |       |       |       |   222 |    25 ||   247
       Blink             |       |       |       |       |       |       |       |     3 |       ||     3
       Passwall          |       |       |       |       |       |       |       |    19 |    18 ||    37
       Apportation       |       |       |       |       |       |       |       |    16 |    14 ||    30
       Disjunction       |       |       |       |       |       |       |       |       |     4 ||     4
       Controlled Blink  |       |       |       |       |       |       |       |       |     2 ||     2
       Deflect Missiles  |       |       |       |       |       |       |       |       |     2 ||     2
       Regeneration      |       |       |       |       |       |       |       |       |     1 ||     1
 Abil: Blink             |       |       |       |       |       |       |     3 |       |       ||     3
Evoke: Wand              |       |       |     4 |    69 |    62 |    36 |    16 |    14 |     6 ||   207
       Sack of spiders   |       |       |       |     1 |       |       |       |       |       ||     1
       Phial of floods   |       |       |       |       |     2 |     4 |     4 |     5 |     1 ||    16
       Lamp of fire      |       |       |       |       |       |       |     1 |     6 |     1 ||     8
       Fan of gales      |       |       |       |       |       |       |     1 |       |       ||     1
       Phantom mirror    |       |       |       |       |       |       |       |     1 |     1 ||     2
  Use: Scroll            |       |     5 |     9 |     5 |    18 |     9 |    11 |    12 |    20 ||    89
       Potion            |       |       |     1 |     6 |       |     3 |     9 |    21 |    20 ||    60
 Stab: Sleeping          |     6 |    11 |    16 |    44 |    60 |    19 |    85 |   151 |    31 ||   423
       Distracted        |     1 |     2 |     1 |     5 |    13 |    17 |    20 |    25 |     5 ||    89
       Paralysed         |     1 |       |     1 |    20 |    13 |     3 |     1 |       |       ||    39
       Confused          |       |     3 |       |     9 |    22 |     4 |     3 |   133 |    11 ||   185
       Invisible         |       |       |       |    17 |    13 |       |   105 |    93 |    25 ||   253
       Petrifying        |       |       |       |     4 |     9 |     1 |     2 |       |       ||    16
       Held in net/web   |       |       |       |     5 |     2 |     2 |       |       |       ||     9
       Petrified         |       |       |       |       |     2 |     1 |     2 |     1 |       ||     6
       Betrayed ally     |       |       |       |       |     1 |       |       |     1 |       ||     2
  Eat: Ration            |       |     1 |     2 |     5 |     9 |    10 |    14 |    20 |     8 ||    69
Armor: Robe              |     7 |    22 |    13 |    25 |    90 |    79 |    55 |   111 |    18 ||   420
Dodge: Dodged            |    54 |   219 |   188 |   432 |  1199 |   998 |   930 |  1045 |   176 ||  5241
       Deflected         |       |       |       |       |       |       |       |       |     4 ||     4
Block: Buckler           |       |       |       |       |       |   223 |   373 |   489 |    77 ||  1162
       Reflection        |       |       |       |       |       |       |       |       |     4 ||     4

Inventory:

Hand Weapons
 a - a +9 quick blade of electrocution (weapon)
Missiles
 q - 4 throwing nets (quivered)
Armour
 d - the +2 hat of the Bear Spirit (worn) {Spirit, +Rage rN+ MR++}
   (You found it in a treasure trove)

   It protects you from negative energy.
   It affects your resistance to hostile enchantments.
   It lets you go berserk.
 g - the +2 ratskin cloak (worn) {+Rats rPois rN+ Str-1 Int-1 Dex+1}
   (You found it in a treasure trove)

   It affects your strength (-1).
   It affects your intelligence (-1).
   It affects your dexterity (+1).
   It protects you from poison.
   It protects you from negative energy.
 m - the +3 warlock's mirror (worn) {reflect}
   (You found it in a treasure trove)
 F - the +5 robe of Night {Dark MR+ SInv}
   (You took it off a deep elf sorcerer on level 3 of the Elven Halls)

   It affects your resistance to hostile enchantments.
   It lets you see invisible.
 J - a +2 robe of resistance (worn)
 S - the +4 robe of Augmentation {Str+4 Int+4 Dex+4}
   (You found it on level 3 of the Elven Halls)

   It affects your strength (+4).
   It affects your intelligence (+4).
   It affects your dexterity (+4).
Jewellery
 b - an uncursed ring of positive energy
 p - an uncursed ring of poison resistance
 u - the ring of Siezaut {rElec rN+ Int+3}
   (You found it on level 3 of the Crypt)

   [ring of positive energy]

   It affects your intelligence (+3).
   It insulates you from electricity.
   It protects you from negative energy.
 x - the ring "Iluvuz" (left hand) {+Fly MR+ Str+2 Dex+2}
   (You acquired it on level 3 of the Vaults)

   [ring of flight]

   It affects your strength (+2).
   It affects your dexterity (+2).
   It affects your resistance to hostile enchantments.
   It lets you fly.
 C - an uncursed ring of protection from cold
 G - a ring of protection from fire (right hand)
 Q - the amulet "Ywola Hocuk" (around neck) {+Inv Regen+ Str+3 Dex+4}
   (You found it on level 3 of the Crypt)

   [amulet of regeneration]

   It affects your strength (+3).
   It affects your dexterity (+4).
   It lets you turn invisible.
   It increases your rate of regeneration.
 U - an uncursed ring of resist corrosion {god gift}
Wands
 k - a wand of iceblast (29)
 v - a wand of paralysis (52)
 z - a wand of enslavement (55)
 I - a wand of digging (25)
 O - a wand of acid (24)
 P - a wand of scattershot (11) {god gift}
Scrolls
 e - 25 scrolls of remove curse
 j - 8 scrolls of identify
 s - 4 scrolls of fog
 y - 3 scrolls of holy word
 H - a scroll of blinking
 L - 5 scrolls of teleportation
 W - a scroll of summoning
 Y - 4 scrolls of fear
 Z - a scroll of magic mapping
Potions
 f - 2 potions of magic
 h - 6 potions of agility
 i - 5 potions of haste
 l - 3 potions of might
 o - 3 potions of brilliance
 r - 7 potions of flight
 t - a potion of mutation
 B - 19 potions of curing
 D - 5 potions of ambrosia
 K - a potion of invisibility
 M - 2 potions of cancellation
 T - 10 potions of heal wounds
Miscellaneous
 n - a lamp of fire
 w - a phantom mirror
 E - a phial of floods
 N - a fan of gales
Comestibles
 c - 39 rations

#.....# ##......#
#.....###.......#
#.....##..#.....#
#.....##.##.....####
#.....#..##........##
#.....#.######.###..#
#####...#.≈≈≈### ##.#
#.###..8≈######.# #.#
#.≈≈≈##.@##.# # #.#
#.#####..'..# # #.#
#.#...##'#### #
##.###.'...'..# ##
#..#.#X#...'.##
.###.#X.#.#######
X##..b.#b..≈≈≈#
..#.#1###....⌠#
......# #######


There were no monsters in sight!

Vanquished Creatures
  the Royal Jelly (Slime:5)
  An ancient lich (Zot:5)
  An orb of fire (Zot:5)
  A greater mummy (Depths:4)
  Boris (Depths:3)
  A shard shrike (Depths:3)
  A curse toe (Crypt:3)
  2 caustic shrikes
  3 golden dragons
  A bone dragon (Crypt:2)
  Rupert (Lair:5)
  4 tentacled monstrosities
  4 Orb Guardians (Zot:5)
  Asterion (Elf:2)
  2 deep elf master archers (Elf:3)
  10 liches
  A quicksilver dragon (shapeshifter) (Depths:1)
  6 acid blobs
  A quicksilver dragon (Depths:5)
  6 ancient champions
  7 storm dragons
  2 sphinxes
  Gastronok (Lair:2)
  5 death cobs
  2 tengu reavers
  A draconian monk (Zot:2)
  7 shadow dragons
  6 thorn hunters
  6 nagarajas
  7 azure jellies
  2 iron dragons
  The ghost of Uberwunderbarhen the Brawler, a journeyman TrMo of Cheibriados (Lair:2)
  5 fire giants
  A frost giant (shapeshifter) (Vaults:1)
  2 revenants (Crypt:2)
  6 frost giants
  Aizul (Elf:2)
  An orc warlord (Orc:2)
  4 draconian scorchers
  A draconian knight (Zig:1)
  12 vault wardens
  2 deep elf elementalists (Elf:3)
  8 deep elf sorcerers
  A caustic shrike zombie (Depths:4)
  4 ghouls
  2 spriggan defenders
  16 stone giants
  10 vampire knights
  2 ophanim (Abyss:3)
  A reaper (Crypt:2)
  13 ironheart preservers
  11 very ugly things
  A war gargoyle (Vaults:2)
  6 black draconians
  8 deep elf annihilators
  6 deep elf demonologists
  2 entropy weavers
  5 yellow draconians
  A white draconian (Zot:1)
  3 red draconians
  5 spark wasps
  The ghost of p0werm0de the Cleaver, a journeyman DDFi of Makhleb (Swamp:2)
  15 ettins
  3 purple draconians
  7 deep elf death magi
  2 eidola
  Snorg (D:14)
  3 death oozes (Slime:5)
  14 yaktaur captains
  Josephine (Lair:5)
  9 fire dragons
  18 jiangshi
  6 great orbs of eyes
  5 deep elf high priests
  A quicksilver dragon zombie (Crypt:1)
  15 ice dragons
  20 hydras
  A quicksilver dragon skeleton (Depths:4)
  10 naga warriors
  6 spriggan air magi
  A rakshasa (Vaults:3)
  Fannar (D:10)
  3 catoblepae
  15 vault guards
  31 two-headed ogres
  2 ghost crabs
  8 ogre magi
  9 anacondas
  7 centaur warriors
  2 death knights
  A satyr (Swamp:4)
  31 dancing weapons
  An anaconda (shapeshifter) (Vaults:1)
  A queen ant (Lair:3)
  The ghost of Borgoz the Cleaver, a journeyman GrAK of Lugonu (D:11)
  An alligator (shapeshifter) (Vaults:1)
  11 alligators
  4 deep troll shamans
  12 vampire magi
  2 hell hogs (Depths:3)
  2 orc high priests (Orc:2)
  2 tengu warriors
  5 deep troll earth magi
  5 spriggan berserkers
  3 titan zombies
  3 soul eaters
  7 naga sharpshooters
  3 shock serpents
  9 spriggans
  32 deep elf knights
  2 storm dragon zombies (Depths:4)
  6 hell knights (Depths:5)
  3 iron trolls
  26 skeletal warriors
  4 shadow wraiths
  A sea snake (shapeshifter) (Vaults:4)
  A spatial maelstrom (Abyss:2)
  A death drake (shapeshifter) (Vaults:4)
  A golden dragon zombie (Depths:4)
  10 deep trolls
  2 spriggan druids
  7 wizards
  10 unseen horrors
  2 naga ritualists
  5 shambling mangroves
  7 glowing orange brains
  12 swamp dragons
  2 shadow dragon zombies
  A lindwurm (Lair:6)
  3 flayed ghosts
  2 tengu zombies
  An iron giant skeleton (Crypt:2)
  9 phantasmal warriors
  The ghost of galech the Skirmisher, a novice GnWn of Okawaru (D:5)
  4 harpies (Vaults:1)
  13 orc knights
  19 deep elf archers
  5 mana vipers
  2 mana vipers (shapeshifter)
  A manticore (shapeshifter) (Vaults:4)
  3 wolf spiders (Vaults:4)
  7 necromancers
  A sphinx zombie (D:15)
  80 deep elf magi
  7 ironbrand convokers
  3 shining eyes
  A stone giant zombie (Vaults:1)
  6 salamanders
  2 orc sorcerers (Orc:2)
  A statue (Abyss:3)
  41 ugly things
  A shadow dragon skeleton (Depths:4)
  2 stone giant skeletons
  2 cyclopes
  3 oklob plants
  An ice statue (IceCv)
  A worldbinder (Abyss:3)
  6 centaur zombies
  A manticore (D:14)
  25 black mambas
  Joseph (D:10)
  5 elephants
  An iron dragon skeleton (Crypt:1)
  A sphinx skeleton (Depths:3)
  13 moths of wrath
  An eye of devastation (shapeshifter) (Vaults:2)
  2 guardian serpents
  A frost giant skeleton (Zig:2)
  A black mamba (shapeshifter) (Vaults:3)
  An eye of devastation (Slime:4)
  17 vault sentinels
  6 smoke demons
  5 torpor snails (Lair:6)
  10 naga magi
  A gargoyle (D:13)
  13 spiny frogs
  11 rime drakes
  A green draconian zombie (Crypt:2)
  A yellow draconian zombie (Crypt:3)
  19 freezing wraiths
  9 komodo dragons
  A kobold demonologist (D:15)
  53 yaktaurs
  A redback zombie (D:15)
  3 guardian mummies
  An ice devil (Zig:2)
  2 tengu conjurers
  A yaktaur skeleton (Vaults:2)
  A red devil (Depths:1)
  2 ancient zymes (Abyss:3)
  A polar bear (shapeshifter) (Vaults:2)
  A tyrant leech (shapeshifter) (Elf:2)
  8 trolls
  A sea snake skeleton (Crypt:3)
  16 tyrant leeches
  A jumping spider (shapeshifter) (Depths:4)
  An iron troll skeleton (Crypt:1)
  2 queen ant zombies
  4 polar bears
  2 hornets (shapeshifter)
  38 blink frogs
  25 hornets
  A wind drake (Orc:2)
  9 bog bodies
  50 slime creatures
  8 hippogriffs
  4 raiju
  A stone giant simulacrum (Vaults:2)
  Prince Ribbit (Lair:2)
  A hippogriff (shapeshifter) (Depths:3)
  A jumping spider zombie (Crypt:2)
  A fire dragon zombie (D:15)
  3 elf zombies
  8 flying skulls
  A black mamba zombie (Crypt:1)
  7 shadows
  17 wraiths
  3 redbacks
  6 water elementals
  A fire dragon skeleton (Crypt:3)
  2 vampires (D:13)
  6 wyverns (Lair:4)
  A black mamba skeleton (Crypt:1)
  31 yaks
  7 basilisks
  3 large abominations (Depths:4)
  A fire bat (Abyss:2)
  A fire elemental (Elf:1)
  2 hungry ghosts
  4 chaos spawn
  2 neqoxecs (Abyss:2)
  3 golden eyes
  A death yak simulacrum (IceCv)
  A steam dragon (Lair:6)
  11 vampire mosquitoes
  10 insubstantial wisps
  8 small abominations
  A spatial vortex (D:14)
  3 acid dragons
  19 nagas
  7 wargs
  12 swamp worms
  11 water moccasins
  6 soldier ants (Lair:3)
  A floating eye (Depths:2)
  7 porcupines
  3 porcupines (shapeshifter)
  8 hell hounds
  28 orc warriors
  18 ice beasts
  15 swamp drakes
  2 ettin simulacra
  An ice beast (shapeshifter) (Vaults:1)
  3 sky beasts
  A swamp dragon zombie (Crypt:2)
  An eye of draining (shapeshifter) (Vaults:1)
  3 phantoms
  A boggart (Elf:1)
  2 black bears
  2 human zombies
  3 necrophages
  6 eyes of draining
  A wolf (Elf:2)
  18 ogres
  A hog zombie (Crypt:3)
  13 centaurs
  A swamp dragon skeleton (Crypt:3)
  10 crocodiles
  3 big kobolds
  20 bullfrogs
  A hippogriff skeleton (Crypt:1)
  A cyclops zombie (Crypt:1)
  2 earth elementals
  A glowing shapeshifter simulacrum (Vaults:2)
  4 human skeletons
  3 wyvern skeletons
  A water moccasin skeleton (D:7)
  A scorpion (D:8)
  11 killer bees
  2 human simulacra
  30 wights
  An electric eel (Lair:1)
  4 howler monkeys
  10 crimson imps
  A yaktaur simulacrum (Vaults:1)
  A draconian simulacrum (IceCv)
  10 jellies
  A quasit (D:14)
  9 hounds
  A bullfrog skeleton (D:8)
  3 centaur skeletons
  24 orc priests
  Natasha (thrice) (D:4)
  5 iguanas
  24 orc wizards
  3 hell rats (Lair:6)
  23 worker ants
  7 troll simulacra (IceCv)
  3 wolf simulacra (IceCv)
  2 centaur simulacra (IceCv)
  An acid dragon zombie (Crypt:2)
  A felid skeleton (Crypt:2)
  2 hound zombies
  3 hound skeletons
  14 mummies
  A howler monkey zombie (Crypt:3)
  7 gnolls
  20 adders
  3 ogre simulacra (IceCv)
  6 naga simulacra (IceCv)
  3 shadow imps
  14 white imps
  18 oozes
  An adder zombie (D:5)
  An iguana skeleton (Crypt:1)
  7 worms
  3 dart slugs
  4 leopard geckos
  75 orcs
  2 bats (D:3)
  A bat skeleton (Crypt:3)
  3 giant cockroaches (D:2)
  7 goblins
  8 hobgoblins
  11 jackals
  19 kobolds
  2 quokkas
  4 ball pythons
  5 frilled lizards
  A gnoll skeleton (Crypt:2)
  A gnoll zombie (Crypt:2)
  2 quokka skeletons
  11 rats
  A briar patch (Swamp:3)
  3 plants
2136 creatures vanquished.

Vanquished Creatures (collateral kills)
  Mara (Depths:4)
  A juggernaut (Depths:3)
  A caustic shrike (Depths:5)
  Nikola (Swamp:3)
  3 tentacled monstrosities
  3 Orb Guardians (Zot:5)
  A lich (Depths:3)
  A quicksilver dragon (Depths:5)
  5 acid blobs
  2 thorn hunters
  A shadow dragon (Depths:3)
  An azure jelly (Slime:5)
  2 nagarajas
  3 frost giants
  A fire giant (Depths:3)
  3 vault wardens
  4 ironheart preservers
  An angel (Abyss:3)
  2 very ugly things (Vaults:3)
  A stone giant (Depths:5)
  A deep elf demonologist (Vaults:4)
  A jiangshi (Crypt:2)
  5 death oozes (Slime:5)
  3 yaktaur captains
  2 ettins
  A deep elf death mage (Vaults:4)
  A great orb of eyes (Vaults:4)
  2 ice dragons (Depths:5)
  3 naga warriors (Snake:4)
  A centaur warrior (D:15)
  5 vault guards
  4 ogre magi
  5 two-headed ogres
  3 hydras
  3 deep troll shamans
  A deep troll earth mage (Depths:4)
  An alligator (Swamp:1)
  2 dancing weapons
  4 naga sharpshooters
  A swamp dragon (shapeshifter) (Vaults:4)
  2 orc high priests (Orc:2)
  A spriggan berserker (Depths:3)
  A salamander mystic (Snake:3)
  A harpy (shapeshifter) (Vaults:4)
  2 skeletal warriors (D:13)
  2 iron trolls
  A flayed ghost (Vaults:4)
  9 deep trolls
  2 deep elf archers
  A glowing orange brain (Depths:2)
  A phantasmal warrior (Vaults:4)
  A necromancer (Vaults:3)
  2 deep elf magi
  3 ironbrand convokers
  14 ugly things
  An orc sorcerer (Orc:2)
  A mana viper (Snake:3)
  3 salamanders (Snake:3)
  A sphinx zombie (Depths:4)
  A guardian serpent (Snake:1)
  An eye of devastation (Slime:1)
  A black mamba (Snake:1)
  10 naga magi
  A redback zombie (D:15)
  A hellion (Depths:1)
  A freezing wraith (IceCv)
  9 yaktaurs
  A troll (D:13)
  A guardian mummy (Depths:4)
  A jumping spider (shapeshifter) (Depths:2)
  A tyrant leech (Swamp:2)
  A jumping spider (Vaults:3)
  A hornet (Swamp:4)
  18 slime creatures
  A shadow dragon simulacrum (Vaults:3)
  2 hippogriffs
  3 blink frogs
  A redback (Vaults:3)
  A spriggan skeleton (D:15)
  A basilisk (D:14)
  A hungry ghost (D:15)
  2 golden eyes (Slime:1)
  An elf zombie (Depths:4)
  7 nagas
  A deep troll zombie (Vaults:3)
  2 hell hounds (Depths:3)
  A swamp drake (Swamp:4)
  7 orc warriors
  A black bear (D:13)
  An ice beast (D:6)
  8 ogres
  An eye of draining (Slime:1)
  A crocodile (D:13)
  An orc priest (Orc:2)
  A jelly (Lair:5)
  5 orc wizards
  A mummy (Crypt:3)
  A naga simulacrum (IceCv)
  2 oozes (Lair:5)
  A worm (shapeshifter) (Depths:3)
  9 orcs
249 creatures vanquished.

Vanquished Creatures (others)
  2 caustic shrikes (Depths:5)
  A golden dragon (Depths:2)
  A fire giant (Depths:5)
  An azure jelly (Slime:5)
  A deep elf elementalist (Elf:3)
  A very ugly thing (Depths:1)
  A deep elf death mage (Elf:3)
  Erolcha (D:10)
  An ettin (Depths:3)
  A fire dragon (Depths:5)
  A naga warrior (Snake:1)
  A hydra (Lair:6)
  7 dancing weapons
  A deep troll shaman (Depths:4)
  A hell hog (Depths:3)
  A naga sharpshooter (Snake:3)
  An iron troll (Depths:4)
  A deep elf knight (Elf:2)
  A hell knight (Depths:5)
  A spriggan druid (Elf:2)
  2 swamp dragons
  An ironbrand convoker (Vaults:4)
  A deep elf mage (Elf:2)
  A vault sentinel (Vaults:4)
  A lindwurm (Lair:6)
  A stone giant zombie (D:15)
  7 ugly things
  A frost giant skeleton (Depths:4)
  5 naga magi (Snake:4)
  6 yaktaurs
  5 nagas
  A troll (D:13)
  A raiju (shapeshifter) (Depths:5)
  5 slime creatures
  2 blink frogs
  A redback (Vaults:4)
  A yak (D:9)
  2 tarantellas
  2 swamp worms (Swamp:1)
  A hell hound (Depths:3)
  A floating eye (Depths:2)
  A black bear (Elf:2)
  3 orc warriors
  2 killer bees (D:9)
  An orc wizard (Orc:2)
  A hell rat (Lair:6)
  2 adders
  2 orcs (D:5)
  A briar patch (Swamp:4)
  A demonic plant (Abyss:2)
  A fire vortex (Abyss:2)
  20 fungi
  30 plants
  2 starspawn tentacles (Abyss:3)
  8 toadstools (D:2)
150 creatures vanquished.

Grand Total: 2535 creatures vanquished

Vault maps used:
D:1:      sevenhm_arrival_forest_fort_small_3, hex_tiny
D:2:      cheibrodos_fertilizer, elyvilon_altar_1
D:3:      lemuel_coloured_pillars_altar
D:4:      minmay_temple_entry_enclosed_plants, minmay_misc_feat_doors,
          uniq_natasha
D:5:      nicolae_overflow_crystal_walls, overflow_temple_1_default,
          fiery_altar_vehumet, first_ration
D:8:      old_standard_altar
D:9:      erik_lair_orcish_takeover
D:10:     uniq_joseph, uniq_erolcha, uniq_fannar
D:11:     serial_shops, shop, shop, shop, enter_bailey_2, blue_anna_alchemist
D:12:     uniq_sonja
D:13:     david_vaults_1, basic_altar, corexii_leaking_fountain,
          lemuel_flame_loot_1
D:14:     kennysheep_crisscross, uniq_snorg
D:15:     gammafunk_depths_entry_grave, minmay_misc_feat_x
Lair:1:   minmay_lair_venomous_thicket, infiniplex_staircase_pool,
          grunt_megastairs_1, minmay_lair_oklob_chamber, serial_bayou_shore_a
Lair:2:   minmay_snake_entry_six_corridors, portal_ice_cave_entry_ice_beasts,
          minivault_25, nicolae_lair_grove_arrangements, uniq_gastronok,
          uniq_prince_ribbit2
Lair:3:   minmay_another_anthill, grunt_megastairs_3
Lair:4:   minmay_swamp_entry_worms
Lair:5:   lemuel_slime, slime_dummy, lookout_lair_type,
          grunt_forest_stairs_basic, beast_lair_carwin_3, uniq_rupert,
          uniq_josephine
Lair:6:   guppyfry_lair_end_dragon, wormcave, nicolae_quartered_pool_medium,
          st_stairs_3
Swamp:1:  nicolae_swamp_dense_foliage, infiniplex_staircase_pool_2
Swamp:2:  evilmike_swamp_ruin_wall, swamp_pool1
Swamp:3:  evilmike_swamp_ruin_rubble_2, swamp_pool1, uniq_nikola
Swamp:4:  swamp
Snake:1:  serial_shops, shop, minmay_shop_grid_forest
Snake:2:  lemuel_fruit_tree
Snake:4:  snake_pit
Orc:1:    serial_shops, nicolae_shop_statue_plus, shop
Orc:2:    st_orc_congregation, serial_shops, shop
Elf:1:    eino_elf_arrival_sip, hangedman_elf_disciples
Elf:2:    basic_altar, kilobyte_rumbling_trees, uniq_asterion, uniq_aizul
Elf:3:    minmay_elf_hall_dome, serial_shops, shop, guppyfry_library_mini
Vaults:1: st_greater_box_3, hangedman_vaults_variations, vaults_room_door_hall,
          vaults_room_pool, nicolae_vaults_theta, vaults_dpeg_diagonal,
          grunt_vaults_bifocal, ontoclasm_vaults_ring_square,
          vaults_standard_mumra_enter_the_diamond, basic_altar
Vaults:2: minmay_crypt_entry_necro_gods, v_pattern_2, v_misc_32,
          st_greater_box_4, vaults_room_fancy_cross, v_alt_pattern_1,
          vaults_mumra_lcd, grunt_vaults_funnel
Vaults:3: vaults_room_octagon, v_rooms_3, v_alt_pattern_4,
          nicolae_vaults_circle_grid_a, v_alt_pattern_4,
          ontoclasm_vaults_claustrophobia, serial_ice_m,
          nicolae_vaults_windows_and_doors_thing,
          nicolae_vaults_yaktaur_gun_rack
Vaults:4: v_alt_pattern_4, nicolae_vaults_gold_heap,
          hangedman_vaults_corner_blocks, vaults_dpeg_encased_lava,
          vaults_mumra_hex, v_misc_11, vaults_mumra_bighexcomb, v_rooms_4,
          dpeg_vaults_monster_box, v_misc_9, v_pattern_5,
          nicolae_vaults_rhombus_6, ontoclasm_vaults_ring_small,
          nicolae_vaults_little_squares_1, nicolae_vaults_circle_grid_a,
          ontoclasm_vaults_pinch, nicolae_vaults_theta, serial_shops,
          nicolae_shop_stone
Crypt:2:  eino_tiny_chamber
Crypt:3:  david_glass_crypt, nicolae_tomb_entry_unfolded_pyramid_diagonal,
          nicolae_crypt_ancient_font
Depths:1: minmay_crystal_thing, rand_demon_pan_entry_1, hell_entry,
          statue_in_the_mist_lemuel, minmay_checkered_concentric_circles
Depths:2: minmay_shrinking_squares, hangedman_geh_valley,
          abyss_entry_flame_altar, skrybe_limestone_x,
          infiniplex_staircase_hallway_doors, minmay_shoptagon,
          serial_bayou_shore_b
Depths:3: minmay_the_grid_triangle_9x9_rhombus_thin_mashed,
          nemelex_xobeh_ov_fountains_minmay, grunt_hell_horde, pan_entry,
          minmay_hidden_floor, uniq_boris
Depths:4: lemuel_minitomb, enter_trove_1, minmay_room_of_horrors, hell_entry,
          nrook_pool_corridor, kennysheep_generic_room_8,
          infiniplex_staircase_star, uniq_mara
Depths:5: grunt_bruiser_brothers, enter_ziggurat_f, serial_bayou_pond_c,
          hangedman_tar_grid_catacomb, wad_floor_pattern_untrapped
Zot:3:    basic_stair_grate_trap
Zot:4:    gammafunk_dig_for_victory
Abyss:1:  hangedman_relentless_pull
Abyss:3:  nicolae_abyss_rune_left_handed
Zig:4:    ziggurat_pillar_centre_c
Trove:    trove_armour_1
Bailey:   bailey_polearm_flooded_kennysheep, bailey
IceCv:    ice_cave_small_necro


Message History

An Orb Guardian comes into view.
The Orb Guardian completely misses you.
There is a stone staircase leading up here.
The Orb Guardian barely misses you.
You climb upwards.
There is a stone staircase leading down here.
Casting: Passwall (safe; 2% risk of failure)
Confirm with . or Enter, or press ? or * to list all spells.
Which direction?
You begin to meditate on the wall.
You continue meditating on the rock. x2
The Orb Guardian hits you!!!
A shower of butterflies erupts from you!
The Orb Guardian hits you!
You finish merging with the rock.
There is an open door here.
There is a large open door here.
You open the door.
There is an open door here.
There is a staircase leading out of the dungeon here.
You have escaped!

Notes
Turn   | Place    | Note
-------+----------+-------------------------------------------
     0 | D:1      | Serpenta the Spriggan Chaos Knight began the quest for the Orb.
     0 | D:1      | Reached XP level 1. HP: 11/11 MP: 2/2
    53 | D:1      | Reached skill level 1 in Stealth
    65 | D:1      | Reached XP level 2. HP: 16/16 MP: 3/3
   298 | D:1      | XOM: harmless Air miscast
   337 | D:1      | Reached skill level 2 in Stealth
   449 | D:2      | Reached XP level 3. HP: 19/19 MP: 4/4
   488 | D:2      | XOM: divination: magic mapping
   520 | D:2      | Found a white marble altar of Elyvilon.
   580 | D:2      | Reached skill level 3 in Stealth
   648 | D:2      | XOM: divination: magic mapping
   722 | D:2      | Reached XP level 4. HP: 23/23 MP: 5/5
   921 | D:2      | Reached skill level 5 in Dodging
  1024 | D:2      | XOM: harmless Conj miscast
  1056 | D:2      | XOM: silly message
  1208 | D:2      | XOM is BORED!
  1208 | D:2      | XOM: mild Hex miscast
  1317 | D:3      | Reached skill level 4 in Stealth
  1446 | D:3      | Reached XP level 5. HP: 27/27 MP: 6/6
  1786 | D:2      | XOM: divination: magic mapping
  1917 | D:3      | XOM: divination: detect items
  2021 | D:3      | XOM: harmless Necr miscast
  2205 | D:3      | XOM: butterfly on damage
  2213 | D:3      | Reached skill level 5 in Stealth
  2590 | D:3      | XOM: polymorph orc wizard -> killer bee
  2591 | D:3      | Reached skill level 5 in Short Blades
  2615 | D:3      | Reached XP level 6. HP: 24/32 MP: 7/7
  2722 | D:3      | Found a blossoming altar of Fedhas.
  2905 | D:3      | XOM: god gift: runed short sword {god gift}
  3476 | D:4      | XOM: noise
  3479 | D:4      | Reached skill level 6 in Stealth
  3556 | D:4      | XOM: cleaving
  3692 | D:4      | Found a staircase to the Ecumenical Temple.
  3733 | D:4      | Noticed Natasha
  3952 | D:5      | Entered Level 5 of the Dungeon
  4003 | D:5      | Found a hazy altar of Hepliaklqana.
  4068 | D:5      | Found an ornate altar of the Wu Jian Council.
  4104 | D:5      | XOM: summons 3 hostile demons
  4282 | D:5      | Killed an orc warrior
  4295 | D:5      | Noticed galech's ghost (novice GnWn)
  4297 | D:5      | XOM: harmless Tloc miscast
  4300 | D:5      | Found a radiant altar of Vehumet.
  4302 | D:5      | XOM: blink monster(s)
  4318 | D:5      | XOM: fog
  4347 | D:5      | XOM: confuse monster(s)
  4358 | D:5      | XOM: fog
  4364 | D:5      | XOM: divination: detect items
  4382 | D:5      | XOM: summons 5 friendly demons
  4382 | D:5      | XOM: smoke on damage
  4529 | D:4      | XOM: give mutation
  4529 | D:4      | Gained mutation: Your body sometimes deteriorates upon taking damage. [Xom's mischief]
  4641 | D:5      | XOM: confuse monster(s)
  4645 | D:5      | XOM: harmless Chrm miscast
  4651 | D:5      | Reached XP level 7. HP: 35/35 MP: 8/8
  4718 | D:5      | XOM: harmless Conj miscast
  5044 | D:5      | XOM: scenery: create altars
  5270 | D:6      | Reached skill level 7 in Stealth
  5722 | D:6      | XOM: medium Air miscast
  5899 | D:5      | XOM: potion effect (agility)
  5900 | D:5      | XOM: confusion
  5906 | D:5      | XOM: fog
  5908 | D:5      | XOM: harmless Necr miscast
  5910 | D:5      | XOM: summons friendly white imp
  5918 | D:5      | XOM: summons friendly ufetubus
  5920 | D:5      | Killed galech's ghost
  5920 | D:5      | Reached skill level 8 in Stealth
  5920 | D:5      | Reached XP level 8. HP: 34/39 MP: 9/9
  5976 | D:6      | XOM: confuse monster(s)
  5985 | D:6      | XOM: summons 5 friendly demons
  5990 | D:6      | Reached skill level 9 in Stealth
  6043 | D:7      | XOM: harmless Hex miscast
  6543 | D:7      | XOM: scenery: create altars
  6595 | D:7      | Reached skill level 10 in Stealth
  6875 | D:8      | Reached skill level 10 in Dodging
  6887 | D:8      | Found a burning altar of Makhleb.
  6895 | D:8      | Reached XP level 9. HP: 43/43 MP: 10/10
  7081 | D:8      | XOM: 5-stop teleportation journey
  7326 | D:8      | XOM: 4-stop teleportation journey
  7537 | D:8      | XOM: silly message
  7736 | D:9      | Found a staircase to the Lair.
  7805 | D:9      | Found a staircase to the Orcish Mines.
  7874 | D:9      | Reached skill level 11 in Stealth
  7881 | D:9      | XOM: blink monster(s)
  8082 | D:8      | XOM: medium Hex miscast
  8212 | D:9      | XOM: cast spell 'Shadow Creatures'
  8222 | D:9      | XOM: smoke on damage
  8302 | D:9      | XOM: confusion
  8329 | D:9      | XOM: divination: detect creatures
  8352 | D:9      | Reached skill level 10 in Short Blades
  8375 | D:9      | XOM: divination: magic mapping
  8396 | D:9      | XOM: confuse monster(s)
  8410 | D:9      | Reached skill level 12 in Stealth
  8410 | D:9      | XOM: divine lightning
  8695 | D:9      | Reached XP level 10. HP: 44/47 MP: 11/11
  8980 | D:9      | XOM: give mutations
  8980 | D:9      | Gained mutation: Your body often deteriorates upon taking damage. [Xom's mischief]
  8980 | D:9      | Gained mutation: You are dopey. (Int -2) [Xom's mischief]
  9002 | D:9      | XOM: enchant monster (bad)
  9006 | D:9      | XOM: harmless Summ miscast
  9319 | D:10     | Entered Level 10 of the Dungeon
  9379 | D:10     | Noticed Erolcha
  9474 | D:10     | Noticed Joseph
  9477 | D:10     | Noticed Fannar
  9481 | D:10     | Killed Fannar
  9481 | D:10     | Reached skill level 13 in Stealth
  9497 | D:10     | Killed Joseph
  9874 | D:10     | Noticed a two-headed ogre
  9880 | D:10     | XOM: summons 2 friendly demons
  9892 | D:10     | XOM: noise
 10050 | D:9      | XOM: mild Tloc miscast
 10207 | D:10     | Killed a two-headed ogre
 10207 | D:10     | Reached skill level 14 in Stealth
 10431 | D:10     | Noticed a two-headed ogre
 10439 | D:10     | Killed a two-headed ogre
 10603 | D:11     | XOM: enchant monster (good)
 10640 | D:11     | Found Efa Imm's Distillery.
 10646 | D:11     | Bought a potion of berserk rage for 90 gold pieces
 10646 | D:11     | Bought a potion of curing for 54 gold pieces
 10646 | D:11     | Bought a potion of might for 72 gold pieces
 10646 | D:11     | Bought a potion of agility for 72 gold pieces
 10702 | D:11     | Reached skill level 15 in Stealth
 10717 | D:11     | Noticed Borgoz's ghost (journeyman GrAK)
 10754 | D:11     | XOM: noise
 10788 | D:11     | Found Tetes's Jewellery Shop.
 10817 | D:11     | XOM: divination: detect creatures
 10829 | D:11     | Found a flagged portal.
 10842 | D:11     | XOM: harmless Tmut miscast
 10853 | D:11     | XOM: confuse monster(s)
 10861 | D:11     | Killed Borgoz's ghost
 10861 | D:11     | Reached XP level 11. HP: 40/53 MP: 12/12
 10875 | D:11     | Got a shimmering spear
 10878 | Bailey   | Entered a bailey
 11159 | D:11     | XOM: give mutations
 11159 | D:11     | Gained mutation: Armour fits poorly on your strangely shaped body. [Xom's mischief]
 11159 | D:11     | Gained mutation: You are frail. (-10% HP) [Xom's mischief]
 11178 | D:11     | not a single good mut
 11204 | D:11     | Reached skill level 1 in Evocations
 11210 | D:11     | XOM: summons 3 friendly demons
 11359 | D:11     | XOM: 2-stop teleportation journey
 11405 | D:11     | XOM: give mutations
 11405 | D:11     | Gained mutation: You evolve. [Xom's grace]
 11405 | D:11     | Gained mutation: You are resistant to hostile enchantments. (MR+) [Xom's grace]
 11405 | D:11     | Gained mutation: You rapidly evolve. [Xom's grace]
 11405 | D:11     | Gained mutation: You are agile. (Dex +2) [Xom's grace]
 11442 | D:11     | XOM: summons 4 friendly demons
 11552 | D:11     | XOM: scenery: create altars
 11679 | D:11     | Found Offen's Jewellery Shop.
 11694 | D:11     | XOM: enchant monster (good)
 11723 | D:11     | Reached skill level 5 in Evocations
 11728 | D:11     | XOM: god gift: runed gold dragon scales {god gift}
 11753 | D:11     | Gained mutation: You are partially covered in molten scales. (AC +2) [evolution]
 11919 | D:7      | XOM: scenery: create altars
 11982 | D:4      | Killed Natasha
 12118 | D:4      | XOM: scenery: create altars
 12202 | D:4      | Found a staircase to the Ecumenical Temple.
 12326 | D:4      | Noticed Natasha
 12332 | D:4      | Killed Natasha
 12447 | D:4      | Found a shimmering altar of Xom.
 12480 | D:4      | Found a shimmering altar of Xom.
 12481 | D:4      | Found a shimmering altar of Xom.
 12510 | D:4      | Noticed Natasha
 12602 | D:4      | Found a staircase to the Ecumenical Temple.
 12746 | D:4      | XOM: give mutations
 12746 | D:4      | Gained mutation: You are partially covered in thin metallic scales. (AC +2) [Xom's grace]
 12746 | D:4      | Gained mutation: You have a pair of small horns on your head. [Xom's grace]
 12746 | D:4      | Lost mutation: You are frail. (-10% HP) [Xom's grace]
 12809 | D:4      | Killed Natasha
 13347 | D:7      | XOM: polymorph orc wizard -> porcupine
 13867 | D:8      | XOM: give mutations
 13867 | D:8      | Lost mutation: You are agile. (Dex +2) [Xom's mischief]
 13867 | D:8      | Gained mutation: You are frail. (-10% HP) [Xom's mischief]
 13867 | D:8      | Lost mutation: You are dopey. (Int -2) [Xom's mischief]
 13867 | D:8      | Lost mutation: You rapidly evolve. [Xom's mischief]
 13925 | D:9      | XOM: give mutation
 13925 | D:9      | Gained mutation: You expend magic power (3 MP) to strengthen your wands. [Xom's grace]
 13968 | Lair:1   | Entered Level 1 of the Lair of Beasts
 13986 | Lair:1   | XOM: divination: detect creatures
 14016 | Lair:1   | Noticed an oklob plant
 14285 | Lair:1   | XOM: polymorph bullfrog -> worker ant
 14324 | Lair:1   | XOM: snakes to sticks
 14416 | Lair:1   | XOM: mild Necr miscast
 14458 | Lair:2   | Noticed Prince Ribbit
 14496 | Lair:2   | XOM: 1-stop teleportation journey
 14522 | Lair:2   | Noticed Uberwunderbarhen's ghost (journeyman TrMo)
 14542 | Lair:2   | XOM: summons 3 hostile demons
 14612 | Lair:2   | Found a frozen archway.
 14617 | Lair:2   | XOM: repel stairs
 14622 | Lair:2   | XOM: summons friendly iron imp
 14643 | Lair:2   | XOM: 4-stop teleportation journey
 14653 | IceCv    | Entered an ice cave
 14793 | IceCv    | XOM: harmless Pois miscast
 14807 | IceCv    | XOM: potion effect (brilliance)
 14821 | IceCv    | XOM: silly message
 14824 | IceCv    | XOM: silly message
 15006 | IceCv    | Reached skill level 16 in Stealth
 15153 | IceCv    | Found an ancient bone altar of Kikubaaqudgha.
 15242 | IceCv    | XOM: cast spell 'Olgreb's Toxic Radiance'
 15296 | IceCv    | XOM: potion effect (might)
 15297 | IceCv    | XOM: harmless Conj miscast
 15368 | IceCv    | Reached XP level 12. HP: 47/51 MP: 6/19
 15770 | IceCv    | XOM: potion effect (brilliance)
 15778 | IceCv    | Reached skill level 5 in Fighting
 16149 | IceCv    | Reached skill level 15 in Dodging
 16221 | IceCv    | XOM: harmless Erth miscast
 16423 | Lair:2   | XOM: confuse monster(s)
 16660 | Lair:1   | XOM: polymorph adder -> goblin
 16721 | Lair:1   | XOM: cleaving
 16734 | Lair:1   | XOM: summons 6 friendly demons
 17027 | Lair:2   | XOM: harmless Chrm miscast
 17039 | Lair:2   | XOM: noise
 17079 | Lair:2   | XOM: scenery: create altars
 17081 | Lair:2   | XOM: enchant monster (good)
 17100 | Lair:2   | XOM: fake destruction
 17102 | Lair:2   | XOM: summons friendly shadow imp
 17107 | Lair:2   | XOM: polymorph shadow imp -> quasit
 17119 | Lair:2   | XOM: summons friendly iron imp
 17132 | Lair:2   | XOM: summons 12 friendly demons
 17141 | Lair:2   | XOM: mild Summ miscast
 17151 | Lair:2   | XOM: polymorph quasit -> iron imp
 17154 | Lair:2   | XOM: divination: magic mapping
 17157 | Lair:2   | XOM: enchant monster (good)
 17163 | Lair:2   | XOM: summons friendly crimson imp
 17203 | Lair:2   | XOM: fake destruction
 17209 | Lair:2   | XOM: cast spell 'Summon Butterflies'
 17215 | Lair:2   | XOM: harmless Pois miscast
 17220 | Lair:2   | XOM: potion effect (curing)
 17234 | Lair:2   | XOM: potion effect (agility)
 17243 | Lair:2   | XOM: potion effect (haste)
 17269 | Lair:2   | XOM: harmless Pois miscast
 17303 | Lair:2   | XOM: potion effect (invisibility)
 17308 | Lair:2   | Killed Uberwunderbarhen's ghost
 17406 | Lair:2   | XOM: potion effect (agility)
 17414 | Lair:2   | XOM: divination: detect items
 17442 | Lair:2   | Noticed a catoblepas
 17451 | Lair:2   | Killed a catoblepas
 17463 | Lair:2   | XOM: enchant monster (bad)
 17513 | Lair:2   | XOM: silly message
 17532 | Lair:2   | Killed Prince Ribbit
 17656 | Lair:2   | Found a staircase to the Snake Pit.
 17842 | Lair:2   | XOM: polymorph yak -> hippogriff
 17844 | Lair:2   | XOM: give mutations
 17844 | Lair:2   | Lost mutation: Armour fits poorly on your strangely shaped body. [Xom's mischief]
 17844 | Lair:2   | Gained mutation: You occasionally shout uncontrollably at your foes. [Xom's mischief]
 17865 | Lair:2   | XOM: confusion (+ monsters)
 17933 | Lair:2   | Noticed Gastronok
 17940 | Lair:2   | Killed Gastronok
 17940 | Lair:2   | Reached XP level 13. HP: 43/61 MP: 20/20
 18144 | D:10     | XOM: noise
 18169 | D:11     | Bought an uncursed amulet of guardian spirit for 450 gold pieces
 18190 | D:11     | XOM: silly message
 18247 | Lair:1   | XOM: summons 4 hostile shadow creatures
 18424 | Lair:1   | XOM: potion effect (haste)
 18493 | Lair:1   | XOM: summons friendly soul eater
 18514 | Lair:1   | XOM: polymorph soul eater -> soul eater
 18775 | Lair:2   | XOM: give mutations
 18775 | Lair:2   | Gained mutation: You can translocate small distances at will. [Xom's grace]
 18775 | Lair:2   | Gained mutation: Your system is resistant to poisons. (rPois) [Xom's grace]
 18775 | Lair:2   | Gained mutation: Your flesh is heat resistant. (rF+) [Xom's grace]
 18960 | Lair:3   | Reached skill level 17 in Stealth
 19084 | Lair:3   | XOM: scenery: 1 doors open
 19099 | Lair:3   | XOM: potion effect (heal wounds)
 19118 | Lair:3   | XOM: harmless Erth miscast
 19118 | Lair:3   | XOM: smoke on damage
 19138 | Lair:3   | XOM: enchant monster (good)
 19258 | Lair:3   | Lost mutation: You are resistant to hostile enchantments. (MR+) [evolution]
 19306 | Lair:3   | XOM: god gift: brightly glowing gold dragon scales {god gift}
 19310 | Lair:3   | Got brightly glowing gold dragon scales {god gift}
 19321 | Lair:3   | Identified the +9 gold dragon scales "Moxtirur" {god gift, rPois rF+ rC+ MR+ Regen+ Str+4 Stlth+} (Xom gifted it to you on level 3 of the Lair of Beasts)
 19321 | Lair:3   | oh damn. it even has +str
 19321 | Lair:3   | maybe i should really wear it %)
 19331 | Lair:3   | i need a LOT of +str more tho
 19579 | Lair:3   | XOM: harmless Fire miscast
 19812 | Lair:4   | XOM: summons friendly ufetubus
 20015 | Lair:4   | XOM: 3-stop teleportation journey
 20040 | Lair:4   | Found a staircase to the Swamp.
 20482 | Lair:5   | Noticed Rupert
 20526 | Lair:5   | XOM: silly message
 20535 | Lair:5   | Reached skill level 18 in Stealth
 20553 | Lair:5   | XOM: give mutation
 20553 | Lair:5   | Lost mutation: You are partially covered in thin metallic scales. (AC +2) [Xom's mischief]
 20587 | Lair:5   | XOM: divination: detect creatures
 20591 | Lair:4   | XOM: enchant monster (good)
 20593 | Lair:4   | XOM: silly message
 20744 | Lair:5   | XOM: god gift: 57 gold pieces {god gift}
 20812 | Lair:5   | XOM: divine lightning
 20829 | Lair:5   | XOM: cast spell 'Summon Hydra'
 20847 | Lair:5   | XOM: divination: magic mapping
 20875 | Lair:5   | XOM: fog
 20879 | Lair:5   | XOM: cleaving
 20882 | Lair:5   | XOM: confuse monster(s)
 20884 | Lair:5   | Killed Rupert
 20982 | Lair:5   | Noticed Josephine
 20985 | Lair:5   | Killed Josephine
 21022 | Lair:5   | XOM: confuse monster(s)
 21051 | Lair:5   | Reached XP level 14. HP: 62/65 MP: 21/21
 21132 | Lair:5   | XOM: god gift: scimitar {god gift}
 21161 | Lair:5   | Found a staircase to the Slime Pits.
 21167 | Lair:5   | XOM: confuse monster(s)
 21291 | Lair:5   | XOM: scenery: create altars
 21405 | Lair:5   | XOM: polymorph ooze -> howler monkey
 21424 | Lair:5   | XOM: summons 2 friendly demons
 21440 | Lair:5   | XOM: polymorph shadow imp -> iron imp
 21454 | Lair:5   | XOM: potion effect (might)
 21673 | Lair:6   | Entered Level 6 of the Lair of Beasts
 21679 | Lair:6   | XOM: god gift: wand of enslavement (14) {god gift}
 21715 | Lair:6   | XOM: god gift: dagger {god gift}
 21776 | Lair:6   | XOM: harmless Tloc miscast
 21822 | Lair:6   | XOM: divination: detect items
 21836 | Lair:6   | XOM: potion effect (invisibility)
 22067 | Lair:6   | Found a runed door.
 22156 | Lair:6   | XOM: potion effect (berserk rage)
 22161 | Lair:6   | XOM: potion effect (haste)
 22162 | Lair:6   | XOM: silly message
 22173 | Lair:6   | XOM: potion effect (haste)
 22188 | Lair:6   | XOM: harmless Tloc miscast
 22348 | Lair:6   | XOM: divination: detect creatures
 22421 | Lair:6   | XOM: silly message
 23301 | Lair:6   | XOM: polymorph swamp drake -> ice beast
 23367 | Lair:4   | XOM: give mutation
 23367 | Lair:4   | Lost mutation: You evolve. [Xom's grace]
 23367 | Lair:4   | Gained mutation: You are somewhat resistant to further mutation. [Xom's grace]
 23599 | D:12     | XOM: enchant monster (bad)
 23630 | D:12     | Noticed Sonja
 23653 | D:12     | Noticed Sonja
 23653 | D:12     | Sonja changed into Sonja the sky beast
 23667 | D:12     | Killed Sonja the sky beast
 23725 | D:12     | XOM: confuse monster(s)
 23801 | D:12     | XOM: cast spell 'Statue Form'
 24207 | D:12     | XOM: mild Air miscast
 24250 | D:12     | XOM: mild Conj miscast
 24389 | D:13     | Found a basalt altar of Yredelemnul.
 24639 | D:13     | XOM: cleaving
 24689 | D:13     | XOM: confuse monster(s)
 24695 | D:13     | XOM: cast spell 'Shadow Creatures'
 24747 | D:13     | XOM: noise
 24906 | D:13     | Found a gate to the Vaults.
 24937 | D:13     | XOM: blink monster(s)
 25132 | D:13     | XOM: cast spell 'Summon Dragon'
 25165 | D:13     | XOM: cloud trail
 25324 | D:13     | XOM: divination: detect items
 25355 | D:13     | XOM: confuse monster(s)
 25500 | D:13     | XOM: god gift: 27 gold pieces {god gift}
 25612 | D:13     | Reached XP level 15. HP: 69/69 MP: 22/22
 25791 | D:14     | XOM: harmless Summ miscast
 25831 | D:14     | XOM: noise
 25870 | D:14     | XOM: enchant monster (good)
 25876 | D:14     | XOM: confuse monster(s)
 25883 | D:14     | XOM: potion effect (brilliance)
 25906 | D:14     | Reached skill level 15 in Short Blades
 25923 | D:14     | XOM: harmless Ice miscast
 25929 | D:14     | XOM: confusion (+ monsters)
 25931 | D:14     | XOM: cast spell 'Dispersal'
 25963 | D:14     | XOM: scenery: create altars
 25986 | D:14     | XOM: god gift: great sword {god gift}
 26004 | D:14     | XOM: chaos upgrade
 26065 | D:14     | Identified a scroll of acquirement
 26265 | D:14     | XOM: summons friendly white imp
 26271 | D:14     | XOM: scenery: create altars
 26296 | D:14     | XOM: cast spell 'Summon Butterflies'
 26313 | D:14     | XOM: harmless Ice miscast
 26321 | D:14     | XOM: potion effect (invisibility)
 26354 | D:14     | XOM: fog
 26460 | D:14     | XOM: confuse monster(s)
 26470 | D:14     | Noticed Snorg
 26473 | D:14     | Killed Snorg
 26730 | D:15     | Entered Level 15 of the Dungeon
 26730 | D:15     | Found a staircase to the Depths.
 26858 | Orc:1    | Entered Level 1 of the Orcish Mines
 26859 | Orc:1    | Found Udoidef's Food Shop.
 27102 | Orc:2    | Entered Level 2 of the Orcish Mines
 27102 | Orc:2    | Found Foguen's Weapon Boutique.
 27173 | Orc:1    | Found Hiaty's Jewellery Shoppe.
 27481 | Orc:2    | XOM: confuse monster(s)
 27555 | Orc:2    | XOM: scenery: create altars
 27576 | Orc:2    | Noticed an orc warlord
 27605 | Orc:2    | Killed an orc warlord
 27605 | Orc:2    | Reached skill level 19 in Stealth
 27777 | Orc:2    | XOM: enchant monster (good)
 27785 | Orc:2    | XOM: summons friendly iron imp
 28283 | Orc:2    | XOM: potion effect (brilliance)
 28321 | Orc:2    | XOM: medium Ice miscast
 28417 | Orc:2    | Found a staircase to the Elven Halls.
 28623 | Orc:2    | Found Romucw's General Store.
 28624 | Orc:2    | Found Peminys's Book Shoppe.
 28628 | Orc:2    | Found Suafyraf's Antique Armour Shoppe.
 28628 | Orc:2    | Found Laolam's Antique Weapon Emporium.
 28653 | Orc:2    | Bought a shimmering robe for 182 gold pieces
 28663 | Orc:2    | Identified the +2 robe "Fuchiewk" {rC- Str+8 Slay+5} (You bought it in a shop on level 2 of the Orcish Mines)
 28713 | Orc:2    | Bought a book of Enchantments for 650 gold pieces
 28722 | Orc:2    | Learned a level 8 spell: Discord
 28728 | Orc:2    | Learned a level 5 spell: Summon Mana Viper
 28860 | Swamp:1  | Entered Level 1 of the Swamp
 28923 | Swamp:1  | Noticed a thorn hunter
 28938 | Swamp:1  | Killed a thorn hunter
 28938 | Swamp:1  | Reached skill level 1 in Spellcasting
 28938 | Swamp:1  | Reached skill level 1 in Hexes
 29348 | Swamp:1  | XOM: give mutations
 29348 | Swamp:1  | Gained mutation: You are dopey. (Int -2) [Xom's mischief]
 29348 | Swamp:1  | Gained mutation: Your spells are a little harder to cast, but a little more powerful. [Xom's mischief]
 29494 | Swamp:1  | You fall through a shaft!
 29502 | Swamp:2  | XOM: 2-stop teleportation journey
 29527 | Swamp:2  | XOM: severe Hex miscast
 29588 | Swamp:2  | XOM: summons friendly quasit
 29595 | Swamp:2  | XOM: divination: detect items
 29616 | Swamp:2  | Reached skill level 20 in Stealth
 29621 | Swamp:2  | XOM: potion effect (might)
 29871 | Swamp:2  | XOM: harmless Conj miscast
 30053 | Swamp:1  | XOM: harmless Erth miscast
 30061 | Swamp:1  | Noticed a thorn hunter
 30078 | Swamp:1  | XOM: enchant monster (good)
 30080 | Swamp:1  | Killed a thorn hunter
 30129 | Swamp:1  | XOM is BORED!
 30208 | Swamp:1  | XOM: medium Tmut miscast
 30264 | Swamp:1  | Learned a level 5 spell: Silence
 30365 | Swamp:2  | XOM: enchant monster (bad)
 30377 | Swamp:1  | XOM: smoke on damage
 30382 | Swamp:1  | XOM: summons 5 hostile demons
 30449 | Swamp:1  | XOM: give mutations
 30449 | Swamp:1  | Lost mutation: Your body often deteriorates upon taking damage. [Xom's mischief]
 30449 | Swamp:1  | Lost mutation: You are frail. (-10% HP) [Xom's mischief]
 30648 | Swamp:2  | Noticed p0werm0de's ghost (journeyman DDFi)
 30649 | Swamp:2  | XOM: confusion
 30651 | Swamp:2  | XOM: harmless Fire miscast
 30664 | Swamp:2  | XOM: swap monsters
 30685 | Swamp:2  | Killed p0werm0de's ghost
 30726 | Swamp:2  | Reached skill level 5 in Spellcasting
 30726 | Swamp:2  | Reached skill level 5 in Hexes
 30894 | Swamp:2  | Noticed a tentacled monstrosity
 30897 | Swamp:2  | XOM: stat loss: -1 Int (20/21)
 30907 | Swamp:2  | XOM: polymorph tentacled monstrosity -> tentacled monstrosity
 30907 | Swamp:2  | Killed a tentacled monstrosity
 30907 | Swamp:2  | Reached XP level 16. HP: 76/81 MP: 25/25
 31255 | Swamp:2  | XOM: potion effect (heal wounds)
 31376 | Swamp:2  | XOM: potion effect (agility)
 31461 | Swamp:3  | Noticed a thorn hunter
 31472 | Swamp:3  | Noticed a thorn hunter
 31482 | Swamp:2  | XOM: divination: detect items
 31489 | Swamp:2  | Killed a thorn hunter
 31604 | Swamp:3  | XOM: enchant monster (good)
 31622 | Swamp:3  | XOM: potion effect (might)
 31633 | Swamp:3  | Killed a thorn hunter
 31811 | Swamp:3  | XOM: summons 3 friendly demons
 31836 | Swamp:3  | XOM: enchant monster (bad)
 31855 | Swamp:3  | XOM: noise
 32100 | Swamp:3  | XOM: polymorph hornet -> acid dragon
 32143 | Swamp:3  | XOM: potion effect (berserk rage)
 32293 | Swamp:3  | XOM: fog
 32379 | Swamp:3  | XOM: cleaving
 32381 | Swamp:3  | XOM: fake destruction
 32386 | Swamp:3  | XOM: cast spell 'Necromutation'
 32440 | Swamp:3  | XOM: summons 11 friendly demons
 32451 | Swamp:3  | Noticed Nikola
 32460 | Swamp:3  | Killed Nikola
 32460 | Swamp:3  | Reached skill level 1 in Shields
 32845 | Swamp:3  | XOM: summons 12 friendly demons
 32879 | Swamp:3  | XOM: 3-stop teleportation journey
 32987 | Swamp:3  | XOM: cast spell 'Ring of Flames'
 33344 | Swamp:3  | XOM: harmless Conj miscast
 33350 | Swamp:4  | Entered Level 4 of the Swamp
 33366 | Swamp:4  | XOM: potion effect (curing)
 33381 | Swamp:4  | XOM: blink monster(s)
 33388 | Swamp:4  | XOM: enchant monster (bad)
 33668 | Swamp:4  | XOM: give mutations
 33668 | Swamp:4  | Lost mutation: You are dopey. (Int -2) [Xom's mischief]
 33668 | Swamp:4  | Lost mutation: Your body sometimes deteriorates upon taking damage. [Xom's mischief]
 33680 | Swamp:4  | XOM: noise
 33681 | Swamp:4  | XOM: summons friendly shadow imp
 33691 | Swamp:4  | XOM: polymorph shadow imp -> white imp
 33871 | Swamp:4  | XOM: confuse monster(s)
 33890 | Swamp:4  | XOM: polymorph swamp drake -> centaur
 33980 | Swamp:4  | XOM: confusion (+ monsters)
 34045 | Swamp:4  | Reached skill level 5 in Shields
 34058 | Swamp:4  | XOM: swap monsters
 34193 | Swamp:4  | XOM: scenery: create altars
 34227 | Swamp:4  | XOM: scenery: create altars
 34282 | Swamp:4  | Noticed a thorn hunter
 34285 | Swamp:4  | XOM: cast spell 'Dispersal'
 34319 | Swamp:4  | Noticed a thorn hunter
 34319 | Swamp:4  | Noticed a thorn hunter
 34332 | Swamp:4  | XOM: divine lightning
 34335 | Swamp:4  | Killed a thorn hunter
 34342 | Swamp:4  | Killed a thorn hunter
 34472 | Swamp:4  | XOM: 2-stop teleportation journey
 34533 | Swamp:4  | XOM: fog
 34535 | Swamp:4  | Noticed a thorn hunter
 34542 | Swamp:4  | XOM: summons friendly ufetubus
 34547 | Swamp:4  | XOM: enchant monster (good)
 34552 | Swamp:4  | Killed a thorn hunter
 34640 | Swamp:4  | XOM: confusion
 34741 | Swamp:4  | XOM: give mutations
 34741 | Swamp:4  | Gained mutation: You are frail. (-10% HP) [Xom's mischief]
 34741 | Swamp:4  | Lost mutation: Your system is resistant to poisons. (rPois) [Xom's mischief]
 34741 | Swamp:4  | Gained mutation: You are clumsy. (Dex -2) [Xom's mischief]
 34741 | Swamp:4  | Lost mutation: You are frail. (-10% HP) [Xom's mischief]
 35021 | Swamp:4  | XOM: medium Air miscast
 35147 | Swamp:4  | XOM: divination: magic mapping
 35382 | Swamp:4  | Got a decaying rune of Zot
 35449 | Swamp:4  | XOM: divination: detect creatures
 35460 | Swamp:4  | XOM: summons friendly white imp
 35467 | Swamp:4  | Reached XP level 17. HP: 69/85 MP: 30/30
 35478 | Swamp:4  | XOM: polymorph six-headed hydra -> satyr
 35490 | Swamp:3  | XOM: scenery: create altars
 35496 | Swamp:3  | XOM: scenery: create altars
 35671 | Swamp:3  | XOM: mild Ice miscast
 35954 | Swamp:4  | Found a shimmering altar of Xom.
 35973 | Swamp:4  | Found a shimmering altar of Xom.
 36067 | Swamp:4  | XOM: 1-stop teleportation journey
 36129 | Swamp:4  | XOM: cloud trail
 36409 | Elf:1    | Entered Level 1 of the Elven Halls
 36824 | Elf:1    | XOM: swap monsters
 37041 | Elf:1    | XOM: give mutations
 37041 | Elf:1    | Gained mutation: You sometimes yell uncontrollably at your foes. [Xom's mischief]
 37041 | Elf:1    | Lost mutation: You are partially covered in molten scales. (AC +2) [Xom's mischief]
 37041 | Elf:1    | Lost mutation: You sometimes yell uncontrollably at your foes. [Xom's mischief]
 37083 | Elf:1    | XOM: summons 12 friendly demons
 37445 | Elf:1    | Reached skill level 10 in Spellcasting
 37445 | Elf:1    | Reached skill level 10 in Hexes
 37468 | Elf:1    | XOM: blink monster(s)
 37617 | Orc:2    | XOM is BORED!
 37617 | Orc:2    | XOM: medium Necr miscast
 37641 | Elf:1    | XOM: medium Tmut miscast
 37666 | Elf:1    | XOM: destruction
 37667 | Elf:1    | XOM: enchant monster (good)
 37670 | Elf:1    | XOM: summons 16 friendly demons
 38217 | Elf:1    | XOM: summons friendly ufetubus
 38223 | Elf:1    | XOM: polymorph ufetubus -> white imp
 38376 | Elf:1    | XOM: noise
 38474 | Elf:2    | XOM: potion effect (berserk rage)
 38532 | Elf:1    | XOM: give mutation
 38532 | Elf:1    | Gained mutation: You are partially covered in iridescent scales. (AC +2) [Xom's grace]
 38659 | Elf:2    | Noticed Aizul
 39022 | Vaults:1 | Entered Level 1 of the Vaults
 39107 | Vaults:1 | XOM: fog
 39118 | Vaults:1 | XOM: divination: detect items
 39181 | Vaults:1 | XOM: 1-stop teleportation journey
 39301 | Vaults:1 | XOM: scenery: create altars
 39335 | Vaults:1 | XOM: scenery: 1 doors close
 39985 | Vaults:1 | XOM: give mutations
 39985 | Vaults:1 | Lost mutation: You are somewhat resistant to further mutation. [Xom's grace]
 39985 | Vaults:1 | Gained mutation: You evolve. [Xom's grace]
 39985 | Vaults:1 | Lost mutation: You are clumsy. (Dex -2) [Xom's grace]
 40026 | Vaults:1 | XOM: scenery: 3 doors close
 40306 | Vaults:1 | XOM is BORED!
 40306 | Vaults:1 | XOM: mild Tmut miscast
 40400 | Vaults:1 | XOM: cleaving
 40401 | Vaults:1 | XOM: cast spell 'Disjunction'
 40476 | Vaults:1 | Found a hazy altar of Hepliaklqana.
 40606 | Vaults:1 | XOM: summons 4 hostile demons
 40658 | Vaults:1 | XOM: noise
 40663 | Vaults:1 | XOM: confusion (+ monsters)
 40691 | Vaults:1 | XOM: summons friendly crimson imp
 40750 | Vaults:1 | XOM: scenery: 2 doors open
 40827 | Vaults:1 | Reached XP level 18. HP: 79/90 MP: 36/36
 40831 | Vaults:1 | XOM: harmless Tloc miscast
 41073 | Vaults:1 | XOM: 1-stop teleportation journey
 41422 | Vaults:1 | XOM: stat loss: -1 Dex (18/19)
 41448 | Vaults:1 | Lost mutation: Your flesh is heat resistant. (rF+) [evolution]
 41491 | Vaults:1 | XOM: give mutations
 41491 | Vaults:1 | Gained mutation: You sometimes yell uncontrollably at your foes. [Xom's mischief]
 41491 | Vaults:1 | Gained mutation: You are dopey. (Int -2) [Xom's mischief]
 41491 | Vaults:1 | Lost mutation: You sometimes yell uncontrollably at your foes. [Xom's mischief]
 41912 | Vaults:1 | XOM: smoke on damage
 42005 | Vaults:1 | XOM: stat loss: -1 Str (15/16)
 42163 | Vaults:1 | XOM: swap monsters
 42452 | Vaults:1 | XOM: summons 13 friendly demons
 42506 | Vaults:1 | XOM: enchant monster (good)
 42912 | Vaults:1 | XOM: god gift: staff of cold {god gift}
 43005 | Vaults:1 | XOM: summons 2 hostile shadow creatures
 43190 | Vaults:2 | XOM: scenery: create altars
 43293 | Vaults:2 | XOM: cloud trail
 43727 | Vaults:2 | XOM: god gift: copper ring {god gift}
 43963 | Vaults:2 | Found a staircase to the Crypt.
 43963 | Vaults:2 | Found an ancient bone altar of Kikubaaqudgha.
 43964 | Vaults:2 | Found a basalt altar of Yredelemnul.
 44210 | Vaults:2 | Reached skill level 15 in Spellcasting
 44210 | Vaults:2 | Reached skill level 15 in Hexes
 44363 | Vaults:2 | XOM: scenery: 2 doors open, 1 doors close
 44761 | Vaults:2 | XOM: give mutations
 44761 | Vaults:2 | Gained mutation: You are resistant to hostile enchantments. (MR+) [Xom's grace]
 44761 | Vaults:2 | Gained mutation: Your muscles are strong. (Str +2) [Xom's grace]
 44761 | Vaults:2 | Gained mutation: Your skin changes colour to match your surroundings (Stealth+). [Xom's grace]
 44761 | Vaults:2 | Gained mutation: You have a somewhat thin skeletal structure. (Dex +2, Stealth) [Xom's grace]
 44966 | Vaults:2 | Reached skill level 21 in Stealth
 45109 | Vaults:2 | XOM: scenery: 2 doors close
 45288 | Vaults:2 | XOM: fog
 45324 | Vaults:2 | Noticed a golden dragon
 45403 | Vaults:2 | Noticed a lich
 45656 | Vaults:2 | Reached XP level 19. HP: 93/93 MP: 39/39
 45657 | Vaults:2 | XOM: fog
 45683 | Vaults:2 | Reached skill level 22 in Stealth
 45746 | Vaults:2 | XOM: give mutations
 45746 | Vaults:2 | Gained mutation: You are partially covered in icy blue scales. (AC +2) [Xom's grace]
 45746 | Vaults:2 | Gained mutation: You have sharp toenails. [Xom's grace]
 45746 | Vaults:2 | Gained mutation: You passively map a small area around you. [Xom's grace]
 45746 | Vaults:2 | Gained mutation: Your muscles are very strong. (Str +4) [Xom's grace]
 45752 | Vaults:2 | XOM: divine lightning
 46019 | Vaults:2 | Killed a golden dragon
 46307 | Vaults:2 | XOM: 8-stop teleportation journey
 46332 | Vaults:3 | Learned a level 2 spell: Ensorcelled Hibernation
 46338 | Vaults:3 | XOM: 7-stop teleportation journey
 46437 | Vaults:3 | Got a brightly glowing copper ring
 46439 | Vaults:3 | Identified the ring "Iluvuz" {+Fly MR+ Str+2 Dex+2} (You acquired it on level 3 of the Vaults)
 46451 | Vaults:3 | Reached skill level 23 in Stealth
 46767 | Vaults:3 | XOM: noise
 46838 | Vaults:3 | XOM: harmless Air miscast
 46876 | Vaults:3 | XOM: harmless Pois miscast
 47028 | Vaults:3 | XOM: destruction
 47097 | Vaults:3 | XOM: 1-stop teleportation journey
 47281 | Vaults:3 | XOM: harmless Erth miscast
 47287 | Vaults:3 | XOM: swap monsters
 47314 | Vaults:3 | Reached skill level 24 in Stealth
 47479 | Vaults:3 | XOM: medium Summ miscast
 47562 | Vaults:3 | XOM: noise
 47638 | Vaults:3 | XOM: summons 8 friendly demons
 48087 | Vaults:3 | XOM: swap monsters
 48201 | Vaults:3 | XOM: mild Necr miscast
 48300 | Vaults:3 | XOM: draining
 48331 | Vaults:4 | XOM: enchant monster (bad)
 48518 | Vaults:4 | XOM: give mutations
 48518 | Vaults:4 | Lost mutation: You are resistant to hostile enchantments. (MR+) [Xom's mischief]
 48518 | Vaults:4 | Lost mutation: You are dopey. (Int -2) [Xom's mischief]
 48518 | Vaults:4 | Lost mutation: You have sharp toenails. [Xom's mischief]
 48518 | Vaults:4 | Gained mutation: Armour fits poorly on your strangely shaped body. [Xom's mischief]
 48607 | Vaults:4 | XOM: give mutations
 48607 | Vaults:4 | Lost mutation: You are partially covered in iridescent scales. (AC +2) [Xom's mischief]
 48607 | Vaults:4 | Lost mutation: Armour fits poorly on your strangely shaped body. [Xom's mischief]
 49035 | Vaults:4 | XOM: swap monsters
 49050 | Vaults:4 | XOM: confusion (+ monsters)
 49195 | Vaults:4 | XOM: harmless Chrm miscast
 49303 | Vaults:4 | XOM: harmless Necr miscast
 49304 | Vaults:4 | XOM: scenery: 1 doors close
 49345 | Vaults:4 | Found Tadybl Yczu's Antique Armour Shoppe.
 49381 | Vaults:4 | XOM: 1-stop teleportation journey
 49461 | Vaults:4 | XOM: divination: detect items
 49814 | Vaults:4 | XOM: divination: detect items
 49815 | Vaults:4 | XOM: polymorph glowing orange brain -> death drake
 50094 | Vaults:4 | XOM: noise
 50104 | Vaults:4 | XOM: blink monster(s)
 50108 | Vaults:4 | XOM: summons 2 friendly demons
 50116 | Vaults:4 | XOM: divination: detect creatures
 50150 | Vaults:4 | XOM: harmless Hex miscast
 50302 | Vaults:4 | Reached XP level 20. HP: 88/98 MP: 41/41
 50383 | Vaults:4 | XOM: scenery: 2 doors close
 50441 | Vaults:4 | XOM: god gift: 6 rations {god gift}
 50555 | Vaults:4 | XOM: scenery: create altars
 50675 | Vaults:4 | XOM: enchant monster (good)
 50741 | Vaults:4 | XOM: summons friendly crimson imp
 50932 | Vaults:4 | XOM: god gift: ration {god gift}
 51435 | D:13     | XOM: scenery: 2 doors close
 51644 | Elf:2    | XOM: scenery: 1 doors open, 2 doors close
 51671 | Elf:2    | XOM: cleaving
 51673 | Elf:2    | XOM: scenery: 1 doors close
 51677 | Elf:2    | XOM: summons friendly iron imp
 51685 | Elf:2    | Killed Aizul
 51686 | Elf:2    | XOM: confusion
 51687 | Elf:2    | XOM: chaos upgrade
 51693 | Elf:2    | XOM: summons friendly iron imp
 51749 | Elf:2    | XOM: scenery: create altars
 51969 | Elf:2    | XOM: polymorph hellwing -> red devil
 51970 | Elf:2    | XOM: summons friendly quasit
 52119 | Elf:2    | XOM: harmless Ice miscast
 52166 | Elf:2    | Found an ancient bone altar of Kikubaaqudgha.
 52178 | Elf:2    | XOM: potion effect (berserk rage)
 52391 | Elf:2    | XOM: medium Chrm miscast
 52505 | Elf:2    | Found a runed gate.
 52505 | Elf:2    | Found a runed gate.
 52505 | Elf:2    | Found a runed gate.
 52561 | Elf:2    | XOM: harmless Chrm miscast
 52563 | Elf:2    | Noticed Asterion
 52567 | Elf:2    | XOM: 1-stop teleportation journey
 52592 | Elf:2    | XOM: give mutations
 52592 | Elf:2    | Lost mutation: You expend magic power (3 MP) to strengthen your wands. [Xom's mischief]
 52592 | Elf:2    | Lost mutation: You have a somewhat thin skeletal structure. (Dex +2, Stealth) [Xom's mischief]
 52592 | Elf:2    | Gained mutation: You are frail. (-10% HP) [Xom's mischief]
 52601 | Elf:2    | Killed Asterion
 52874 | Elf:2    | XOM: polymorph deep elf knight -> tyrant leech
 52886 | Elf:2    | XOM: summons 8 hostile demons
 53051 | Elf:3    | Entered Level 3 of the Elven Halls
 53159 | Elf:3    | Learned a level 2 spell: Blink
 53210 | Elf:3    | XOM: medium Fire miscast
 53219 | Elf:3    | XOM: 1-stop teleportation journey
 53343 | Elf:3    | XOM is BORED!
 53343 | Elf:3    | XOM: give mutations
 53343 | Elf:3    | Lost mutation: You can translocate small distances at will. [Xom's mischief]
 53343 | Elf:3    | Lost mutation: Your spells are a little harder to cast, but a little more powerful. [Xom's mischief]
 53343 | Elf:3    | Gained mutation: You sometimes yell uncontrollably at your foes. [Xom's mischief]
 53559 | Elf:3    | Found Uhymuss's Book Boutique.
 53564 | Elf:3    | Bought a book of Burglary for 825 gold pieces
 53567 | Elf:3    | Learned a level 2 spell: Passwall
 53574 | Elf:3    | Learned a level 6 spell: Invisibility
 53579 | Elf:3    | Learned a level 4 spell: Cause Fear
 53638 | Elf:3    | XOM: swap monsters
 53761 | Elf:3    | XOM: potion effect (berserk rage)
 53790 | Elf:3    | XOM: confusion (+ monsters)
 53835 | Elf:3    | XOM: cloud trail
 54017 | Elf:3    | XOM: 2-stop teleportation journey
 54089 | Elf:3    | XOM: cloud trail
 54158 | Elf:3    | XOM: confuse monster(s)
 54417 | Elf:3    | XOM: confuse monster(s)
 55311 | Elf:3    | XOM: cast spell 'Summon Ice Beast'
 55476 | Elf:3    | XOM: give mutation
 55476 | Elf:3    | Gained mutation: You are surrounded by a mild repulsion field. (EV +2) [Xom's grace]
 55573 | Elf:3    | XOM: give mutation
 55573 | Elf:3    | Gained mutation: Your body sometimes deteriorates upon taking damage. [Xom's mischief]
 55580 | Elf:3    | XOM: enchant monster (good)
 55582 | Elf:3    | XOM: enchant monster (good)
 55599 | Elf:3    | Reached XP level 21. HP: 87/91 MP: 45/45
 55744 | Elf:3    | Got a wavering copper ring
 55801 | Elf:3    | Found the +4 robe of Augmentation {Str+4 Int+4 Dex+4}
 55831 | Elf:3    | Got a distressingly furry cloak
 55842 | Elf:3    | Identified the +0 cloak "Zuywk" {Int+9 Dex-3 SInv} (You found it on level 3 of the Elven Halls)
 55843 | Elf:3    | Identified the ring "Buhiuj" {*Drain +Blink rN+ MP+9 Int+2} (You took it off a deep elf sorcerer on level 3 of the Elven Halls)
 55850 | Elf:3    | Identified the Guide on Icy Clay
 55968 | Elf:3    | XOM: divination: detect creatures
 55975 | Elf:3    | Lost mutation: You passively map a small area around you. [potion of mutation]
 55975 | Elf:3    | Lost mutation: You are frail. (-10% HP) [potion of mutation]
 55975 | Elf:3    | Lost mutation: Your muscles are very strong. (Str +4) [potion of mutation]
 55975 | Elf:3    | Gained mutation: You are agile. (Dex +2) [potion of mutation]
 55975 | Elf:3    | Gained mutation: You rapidly evolve. [potion of mutation]
 55976 | Elf:3    | Lost mutation: Your body sometimes deteriorates upon taking damage. [potion of mutation]
 55976 | Elf:3    | Lost mutation: You have a pair of small horns on your head. [potion of mutation]
 55976 | Elf:3    | Lost mutation: You are agile. (Dex +2) [potion of mutation]
 55976 | Elf:3    | Lost mutation: You are surrounded by a mild repulsion field. (EV +2) [potion of mutation]
 55976 | Elf:3    | Gained mutation: Armour fits poorly on your strangely shaped body. [potion of mutation]
 55976 | Elf:3    | Gained mutation: Your spells are a little harder to cast, but a little more powerful. [potion of mutation]
 56111 | Orc:2    | XOM: divination: magic mapping
 56255 | D:10     | Killed Erolcha
 56294 | D:10     | XOM: give mutations
 56294 | D:10     | Gained mutation: You expend magic power (3 MP) to strengthen your wands. [Xom's grace]
 56294 | D:10     | Lost mutation: You rapidly evolve. [Xom's grace]
 56294 | D:10     | Lost mutation: You evolve. [Xom's grace]
 56294 | D:10     | Gained mutation: You are somewhat resistant to further mutation. [Xom's grace]
 56294 | D:10     | Gained mutation: You are partially covered in thin metallic scales. (AC +2) [Xom's grace]
 56424 | Elf:1    | XOM: god gift: runed rapier {god gift}
 56516 | Elf:2    | XOM: enchant monster (good)
 56879 | Elf:2    | XOM: give mutations
 56879 | Elf:2    | Lost mutation: Your muscles are strong. (Str +2) [Xom's mischief]
 56879 | Elf:2    | Gained mutation: You are weak. (Str -2) [Xom's mischief]
 56879 | Elf:2    | Lost mutation: Your spells are a little harder to cast, but a little more powerful. [Xom's mischief]
 56879 | Elf:2    | Lost mutation: You are weak. (Str -2) [Xom's mischief]
 57030 | Elf:2    | XOM: give mutation
 57030 | Elf:2    | Gained mutation: You passively map a small area around you. [Xom's grace]
 57063 | Elf:2    | XOM: scenery: create altars
 57330 | Lair:4   | XOM: fake destruction
 58409 | D:15     | XOM: noise
 58529 | D:15     | XOM: silly message
 58586 | D:15     | XOM: scenery: create altars
 58652 | D:15     | XOM: 7-stop teleportation journey
 58819 | D:15     | XOM: god gift: gnarled jewelled staff {god gift}
 59636 | Depths:1 | Entered Level 1 of the Depths
 59715 | Depths:1 | XOM: 2-stop teleportation journey
 59727 | Depths:1 | XOM: give mutations
 59727 | Depths:1 | Gained mutation: You are somewhat resistant to both further mutation and mutation removal. [Xom's mischief]
 59727 | Depths:1 | Lost mutation: Armour fits poorly on your strangely shaped body. [Xom's mischief]
 59898 | Depths:1 | XOM: enchant monster (good)
 59905 | Depths:1 | XOM: divine lightning
 59924 | Depths:1 | XOM: divination: detect creatures
 59985 | Depths:1 | Found a gateway to Hell.
 59985 | Depths:1 | XOM: 2-stop teleportation journey
 60124 | Depths:1 | XOM: mild Tloc miscast
 60183 | Depths:1 | Found a deep blue altar of Sif Muna.
 60183 | Depths:1 | XOM: 4-stop teleportation journey
 60218 | Depths:1 | XOM: summons 10 hostile demons
 60404 | Depths:1 | XOM: swap monsters
 60430 | Depths:1 | Got a warped tin ring
 60431 | Depths:1 | Identified the ring "Cuffag" {Wiz rElec} (You found it on level 1 of the Depths)
 60447 | Depths:1 | Got a warped short sword
 60448 | Depths:1 | Identified the cursed +1 short sword of Crawling {flame, rElec} (You found it on level 1 of the Depths)
 60674 | Depths:1 | XOM: fog
 60751 | Depths:1 | XOM: polymorph fire giant -> shadow dragon
 60917 | Depths:1 | XOM: summons 2 hostile demons
 60943 | Depths:1 | Found a one-way gate leading to the halls of Pandemonium.
 61044 | Depths:1 | XOM: polymorph green very ugly thing -> iron giant
 61051 | Depths:1 | XOM: enchant monster (bad)
 61289 | Depths:2 | Found Yshriff's Assorted Antiques.
 61290 | Depths:2 | Found Ateatapu's Food Emporium.
 61290 | Depths:2 | Found Ytwaby's Jewellery Shoppe.
 61300 | Depths:2 | Found Buowuit's Antique Armour Emporium.
 61319 | Depths:2 | Bought a potion of heal wounds for 215 gold pieces
 61319 | Depths:2 | Bought a potion of might for 172 gold pieces
 61354 | Depths:2 | Found a corrupted altar of Lugonu.
 61354 | Depths:2 | Found a one-way gate to the infinite horrors of the Abyss.
 61490 | Depths:2 | XOM: mild Hex miscast
 61774 | Depths:2 | Noticed a golden dragon
 61787 | Depths:2 | Killed a golden dragon
 61789 | Depths:2 | XOM: silly message
 61953 | Depths:2 | Learned a level 3 spell: Confuse
 62024 | Depths:2 | Reached skill level 1 in Translocations
 62062 | Depths:2 | Reached XP level 22. HP: 88/107 MP: 44/48
 62708 | Depths:3 | Noticed Boris
 62741 | Depths:3 | XOM: cleaving
 62745 | Depths:3 | XOM: enchant monster (bad)
 62745 | Depths:3 | Reached skill level 5 in Translocations
 62756 | Depths:3 | Killed Boris
 62855 | Depths:2 | XOM: harmless Fire miscast
 63005 | Depths:3 | XOM: summons 1 hostile shadow creature
 63050 | Depths:3 | XOM: divination: magic mapping
 63209 | Depths:3 | XOM: potion effect (heal wounds)
 63216 | Depths:3 | XOM: divination: magic mapping
 63244 | Depths:3 | XOM: confuse monster(s)
 63383 | Depths:2 | XOM: medium Pois miscast
 63449 | Depths:3 | Identified the amulet of Veshyamo {Regen+ MP+9 Stlth+} (You found it on level 3 of the Depths)
 63508 | Depths:3 | Reached skill level 10 in Translocations
 63647 | Depths:3 | XOM: enchant monster (good)
 63757 | Depths:3 | XOM: summons 3 friendly demons
 63827 | Depths:3 | Noticed a juggernaut
 63841 | Depths:3 | XOM: mild Necr miscast
 63856 | Depths:3 | XOM: confuse monster(s)
 63863 | Depths:3 | Killed a juggernaut
 63933 | Depths:3 | XOM: confuse monster(s)
 63971 | Depths:3 | Found a runed door.
 63988 | Depths:3 | Identified Dez Dededgh's Collected Works on Execration and Dislocation
 64023 | Depths:3 | XOM: divination: detect creatures
 64061 | Depths:3 | XOM: medium Air miscast
 64118 | Depths:3 | XOM: mild Necr miscast
 64424 | Depths:3 | Found a sparkling altar of Nemelex Xobeh.
 64529 | Depths:3 | XOM: medium Pois miscast
 64533 | Depths:3 | XOM: summons 9 friendly demons
 64542 | Depths:3 | XOM: chaos upgrade
 64544 | Depths:3 | XOM: cast spell 'Ring of Flames'
 64743 | Depths:3 | Found a runed door.
 64755 | Depths:3 | Noticed a juggernaut
 65121 | Depths:3 | XOM: enchant monster (bad)
 65432 | Depths:3 | Noticed a shard shrike
 65432 | Depths:3 | a juggernaut changed into a shard shrike
 65432 | Depths:3 | XOM: polymorph juggernaut -> shard shrike
 65436 | Depths:3 | XOM: blink monster(s)
 65442 | Depths:3 | XOM: harmless Air miscast
 65458 | Depths:3 | Killed a shard shrike
 65816 | Depths:4 | XOM: summons friendly crimson imp
 65820 | Depths:4 | XOM: noise
 65855 | Depths:3 | Reached skill level 15 in Translocations
 65885 | Depths:4 | XOM: blink monster(s)
 65919 | Depths:3 | XOM: noise
 66067 | Depths:3 | XOM: give mutation
 66067 | Depths:3 | Lost mutation: You expend magic power (3 MP) to strengthen your wands. [Xom's mischief]
 66254 | Depths:3 | XOM: harmless Necr miscast
 66327 | Depths:3 | XOM: harmless Fire miscast
 66377 | Depths:4 | Noticed Mara
 66384 | Depths:4 | Noticed Serpenta's illusion
 66403 | Depths:4 | XOM: harmless Erth miscast
 66418 | Depths:4 | XOM: summons 2 friendly demons
 66424 | Depths:4 | XOM: cleaving
 66428 | Depths:4 | XOM: summons friendly quasit
 66428 | Depths:4 | Killed Mara
 66485 | Depths:4 | XOM: divination: detect items
 66689 | Depths:4 | Noticed a golden dragon
 66700 | Depths:4 | XOM: confusion (+ monsters)
 66705 | Depths:4 | Killed a golden dragon
 67131 | Depths:4 | XOM: 3-stop teleportation journey
 67365 | Depths:4 | XOM: fog
 67461 | Depths:4 | Found a portal to a secret trove of treasure.
 67504 | Depths:4 | Reached XP level 23. HP: 111/111 MP: 43/49
 67711 | Depths:4 | XOM: confusion (+ monsters)
 67712 | Depths:4 | XOM: confuse monster(s)
 67744 | Depths:4 | Noticed a greater mummy
 67757 | Depths:4 | XOM: confuse monster(s)
 67790 | Depths:4 | Killed a greater mummy
 68313 | Orc:2    | Bought a book of the Warp for 1170 gold pieces
 68322 | Orc:2    | Learned a level 8 spell: Controlled Blink
 68331 | Orc:2    | Learned a level 8 spell: Disjunction
 68428 | Elf:3    | Bought a book of Party Tricks for 550 gold pieces
 68430 | Elf:3    | Learned a level 1 spell: Apportation
 68434 | Elf:3    | Learned a level 3 spell: Lesser Beckoning
 68751 | Depths:5 | Entered Level 5 of the Depths
 68753 | Depths:5 | Noticed a caustic shrike
 68757 | Depths:5 | Noticed a caustic shrike
 68762 | Depths:5 | Killed a caustic shrike
 68764 | Depths:5 | Noticed a caustic shrike
 68769 | Depths:5 | Killed a caustic shrike
 68962 | Depths:5 | XOM: swap monsters
 68967 | Depths:5 | Killed a caustic shrike
 68982 | Depths:5 | Noticed a caustic shrike
 68995 | Depths:5 | Killed a caustic shrike
 69012 | Depths:5 | XOM: harmless Tmut miscast
 69097 | Depths:5 | XOM: draining
 69301 | Depths:5 | XOM: medium Summ miscast
 69378 | Depths:5 | XOM: mild Ice miscast
 69461 | Depths:4 | XOM: give mutations
 69461 | Depths:4 | Lost mutation: You passively map a small area around you. [Xom's mischief]
 69461 | Depths:4 | Gained mutation: You are dopey. (Int -2) [Xom's mischief]
 69461 | Depths:4 | Lost mutation: You are dopey. (Int -2) [Xom's mischief]
 69764 | Crypt:1  | Entered Level 1 of the Crypt
 69912 | Crypt:1  | XOM: 1-stop teleportation journey
 70070 | Crypt:1  | XOM: chaos cloud
 70290 | Crypt:1  | XOM: medium Ice miscast
 70324 | Crypt:1  | XOM: summons 1 hostile demon
 70522 | Crypt:1  | XOM: swap monsters
 70708 | Crypt:1  | XOM: confuse monster(s)
 71140 | Crypt:1  | XOM: mild Summ miscast
 71445 | Crypt:2  | XOM: confusion
 71591 | Crypt:2  | XOM: confusion (+ monsters)
 71847 | Crypt:2  | XOM: severe Conj miscast
 72225 | Crypt:2  | XOM: noise
 72266 | Crypt:2  | XOM: noise
 72553 | Crypt:2  | XOM: silly message
 72619 | Crypt:2  | XOM: harmless Tloc miscast
 72687 | Crypt:2  | XOM: silly message
 72724 | Crypt:2  | XOM: summons friendly iron imp
 72803 | Crypt:3  | Entered Level 3 of the Crypt
 72987 | Crypt:3  | Reached skill level 25 in Stealth
 72988 | Crypt:3  | XOM: god gift: 1960 gold pieces {god gift}
 72990 | Crypt:3  | XOM: 2-stop teleportation journey
 73096 | Crypt:3  | XOM: medium Fire miscast
 73741 | Crypt:3  | Noticed a curse toe
 73778 | Crypt:3  | XOM: noise
 73889 | Crypt:3  | XOM: enchant monster (bad)
 73954 | Crypt:3  | XOM: harmless Fire miscast
 74039 | Crypt:3  | Reached XP level 24. HP: 115/115 MP: 49/49
 74058 | Crypt:3  | XOM: summons 3 friendly demons
 74061 | Crypt:3  | XOM: fog
 74274 | Crypt:3  | XOM: 1-stop teleportation journey
 74278 | Crypt:3  | Got a warped amber ring
 74278 | Crypt:3  | Got a twitching platinum amulet
 74284 | Crypt:3  | Identified the Incunabulum of Hurtful Enhancements
 74311 | Crypt:2  | Identified the ring of Siezaut {rElec rN+ Int+3} (You found it on level 3 of the Crypt)
 74314 | Crypt:2  | Identified the amulet "Ywola Hocuk" {+Inv Regen+ Str+3 Dex+4} (You found it on level 3 of the Crypt)
 74501 | Crypt:3  | XOM: scenery: create altars
 74528 | Crypt:3  | XOM: 1-stop teleportation journey
 74534 | Crypt:3  | XOM: destruction
 74545 | Crypt:3  | XOM: fog
 74643 | Crypt:3  | Found a staircase to the Tomb.
 74813 | Crypt:2  | XOM: god gift: 980 gold pieces {god gift}
 74886 | Crypt:2  | XOM: god gift: 36 gold pieces {god gift}
 74887 | Crypt:2  | XOM: noise
 74940 | Crypt:2  | XOM: harmless Ice miscast
 75210 | Crypt:3  | XOM: silly message
 75245 | Crypt:3  | XOM: divination: detect items
 75288 | Crypt:3  | Identified Caliul's Tome of Dark Rituals
 75773 | Depths:5 | XOM: harmless Conj miscast
 75795 | Depths:5 | XOM: swap monsters
 75800 | Depths:5 | XOM: cast spell 'Summon Butterflies'
 75835 | Depths:5 | XOM: mild Necr miscast
 75996 | Depths:5 | Got a shimmering robe
 75997 | Depths:5 | Identified the +1 robe of Love and Death {*Contam rElec Str+5} (You found it on level 5 of the Depths)
 76029 | Depths:5 | Reached skill level 26 in Stealth
 76057 | Depths:5 | Found a gateway to a ziggurat.
 76294 | Depths:5 | XOM: mild Air miscast
 76320 | Depths:5 | XOM: cast spell 'Call Canine Familiar'
 76350 | Depths:5 | Found a gate to the Realm of Zot.
 76960 | Snake:1  | Entered Level 1 of the Snake Pit
 76995 | Snake:1  | XOM: enchant monster (good)
 77013 | Snake:1  | XOM: summons friendly white imp
 77030 | Snake:1  | XOM: mild Pois miscast
 77120 | Snake:1  | XOM: divination: detect creatures
 77162 | Snake:1  | Found Emymenk's General Store.
 77267 | Snake:1  | XOM: cloud trail
 77374 | Snake:1  | Found Susiaczu's Armour Emporium.
 77807 | Snake:2  | XOM: divination: detect creatures
 78134 | Snake:2  | Got a pair of warped gloves
 78135 | Snake:2  | Identified the cursed +0 pair of gloves "Vihusuf" {*Drain +Blink rPois Stlth+} (You found it on level 2 of the Snake Pit)
 78220 | Snake:2  | XOM: god gift: potion of curing {god gift}
 79197 | Snake:3  | XOM: harmless Tloc miscast
 79201 | Snake:3  | XOM: harmless Air miscast
 79214 | Snake:3  | XOM: harmless Necr miscast
 79630 | Snake:3  | Lost mutation: You sometimes yell uncontrollably at your foes. [potion of mutation]
 79630 | Snake:3  | Gained mutation: You have very sharp teeth. [potion of mutation]
 79631 | Snake:3  | Lost mutation: You are somewhat resistant to both further mutation and mutation removal. [potion of mutation]
 79631 | Snake:3  | Lost mutation: You have very sharp teeth. [potion of mutation]
 79631 | Snake:3  | Gained mutation: You expend magic power (3 MP) to strengthen your wands. [potion of mutation]
 79632 | Snake:3  | Lost mutation: You are somewhat resistant to further mutation. [potion of mutation]
 79632 | Snake:3  | Lost mutation: You occasionally shout uncontrollably at your foes. [potion of mutation]
 79632 | Snake:3  | Lost mutation: You expend magic power (3 MP) to strengthen your wands. [potion of mutation]
 79632 | Snake:3  | Lost mutation: You are partially covered in icy blue scales. (AC +2) [potion of mutation]
 79632 | Snake:3  | Gained mutation: Your magical capacity is low. (-10% MP) [potion of mutation]
 79632 | Snake:3  | Gained mutation: You expend magic power (3 MP) to strengthen your wands. [potion of mutation]
 79764 | Snake:3  | XOM: noise
 79794 | Snake:3  | XOM: harmless Summ miscast
 80074 | Snake:4  | Entered Level 4 of the Snake Pit
 80105 | Snake:4  | XOM: harmless Fire miscast
 80125 | Snake:4  | XOM: harmless Tmut miscast
 80559 | Snake:4  | XOM: harmless Chrm miscast
 80563 | Snake:4  | XOM: blink monster(s)
 80806 | Snake:4  | XOM: enchant monster (good)
 81047 | Snake:4  | XOM: 4-stop teleportation journey
 81081 | Snake:4  | XOM: destruction
 81118 | Snake:4  | XOM: 6-stop teleportation journey
 81124 | Snake:4  | Got a serpentine rune of Zot
 81149 | Snake:4  | XOM: give mutations
 81149 | Snake:4  | Gained mutation: You are frail. (-10% HP) [Xom's mischief]
 81149 | Snake:4  | Gained mutation: You are dopey. (Int -2) [Xom's mischief]
 81164 | Snake:4  | XOM: give mutations
 81164 | Snake:4  | Gained mutation: You have a pair of small horns on your head. [Xom's grace]
 81164 | Snake:4  | Gained mutation: You are surrounded by a mild repulsion field. (EV +2) [Xom's grace]
 81178 | Snake:4  | XOM: summons 2 friendly demons
 81320 | Snake:4  | XOM: harmless Air miscast
 81379 | Snake:4  | XOM: confusion
 81413 | Snake:4  | XOM: give mutation
 81413 | Snake:4  | Lost mutation: Your skin changes colour to match your surroundings (Stealth+). [Xom's mischief]
 81673 | D:9      | XOM: noise
 81792 | Vaults:1 | XOM: mild Summ miscast
 81869 | D:14     | XOM: god gift: wand of scattershot (5) {god gift}
 81941 | Depths:2 | Voluntarily entered the Abyss.
 81993 | Abyss:2  | XOM: cloud trail
 82009 | Abyss:2  | XOM: enchant monster (good)
 82087 | Abyss:2  | XOM: mild Fire miscast
 82167 | Abyss:2  | Found a corrupted altar of Lugonu.
 82208 | Abyss:2  | XOM: summons friendly quasit
 82214 | Abyss:2  | XOM: silly message
 82220 | Abyss:2  | Paralysed by accursed screaming for 1 turns
 82287 | Abyss:2  | XOM: harmless Pois miscast
 82412 | Abyss:3  | Identified the Incunabulum of Weightlessness and the Blaze
 82885 | Abyss:3  | XOM: cast spell 'Call Canine Familiar'
 83072 | Abyss:3  | XOM: mild Summ miscast
 83083 | Abyss:3  | XOM: divination: detect items
 83086 | Abyss:3  | XOM: summons friendly ufetubus
 83183 | Abyss:3  | XOM: harmless Tloc miscast
 83259 | Abyss:3  | XOM: god gift: potion of agility {god gift}
 83298 | Abyss:3  | XOM: divination: detect items
 83312 | Abyss:3  | Found a glowing golden altar of the Shining One.
 83333 | Abyss:3  | Noticed a juggernaut
 83333 | Abyss:3  | XOM: mild Fire miscast
 83338 | Abyss:3  | Got an abyssal rune of Zot
 83347 | Depths:2 | Escaped the Abyss
 83565 | Lair:4   | XOM: mild Necr miscast
 83590 | Slime:1  | Entered Level 1 of the Pits of Slime
 83593 | Slime:1  | XOM: potion effect (haste)
 83738 | Slime:1  | XOM: potion effect (curing)
 83961 | Slime:2  | XOM: cast spell 'Summon Butterflies'
 84022 | Slime:4  | Reached XP level 25. HP: 108/108 MP: 44/44
 84026 | Slime:5  | Entered Level 5 of the Pits of Slime
 84065 | Slime:5  | Noticed the Royal Jelly
 84067 | Slime:5  | XOM: divination: detect items
 84068 | Slime:5  | XOM: cleaving
 84073 | Slime:5  | XOM: cleaving
 84286 | Slime:4  | Learned a level 6 spell: Deflect Missiles
 84302 | Slime:5  | Found a viscous altar of Jiyva.
 84309 | Slime:5  | XOM: polymorph acid blob -> caustic shrike
 84313 | Slime:5  | Reached skill level 1 in Air Magic
 84486 | Slime:5  | XOM: divination: magic mapping
 84615 | Slime:5  | XOM: mild Pois miscast
 84707 | Slime:5  | XOM: divination: detect creatures
 84710 | Slime:5  | XOM: polymorph acid blob -> iron dragon
 84724 | Slime:5  | Killed the Royal Jelly
 84728 | Slime:5  | XOM: confuse monster(s)
 84744 | Slime:5  | Reached skill level 5 in Charms
 84942 | Slime:5  | Got a spiked ring mail
 85004 | Slime:5  | Identified Keabb's Papyrus of Combat Magic
 85023 | Slime:5  | Got a fine robe
 85024 | Slime:5  | Identified the +1 robe of Vanity {rN++ SInv Stlth-} (You found it on level 5 of the Pits of Slime)
 85027 | Slime:5  | Got a slimy rune of Zot
 85416 | Zot:1    | Entered Level 1 of the Realm of Zot
 85516 | Depths:4 | You showed the slimy rune of Zot to enter a treasure trove
 85517 | Trove    | Entered a treasure trove
 85520 | Trove    | Found the +2 hat of the Bear Spirit {Spirit, +Rage rN+ MR++}
 85520 | Trove    | Found the +2 ratskin cloak {+Rats rPois rN+ Str-1 Int-1 Dex+1}
 85522 | Trove    | Found the +3 warlock's mirror {reflect}
 85528 | Trove    | Got a slimy robe
 85534 | Trove    | Got an ichor-stained buckler
 85536 | Trove    | Got a distressingly furry buckler
 85540 | Trove    | Got a faintly humming robe
 85546 | Trove    | Got a transparent robe
 85549 | Trove    | Identified the +1 robe "Keykh" {rF+ Int+4} (You found it in a treasure trove)
 85563 | Trove    | Identified the -3 buckler of Autotheism {rCorr} (You found it in a treasure trove)
 85564 | Trove    | Identified the +1 buckler of Ennui {Int+4} (You found it in a treasure trove)
 85578 | Trove    | Identified the cursed +1 robe "Nauth" {MR+} (You found it in a treasure trove)
 85580 | Trove    | Identified the +1 robe "Luiser" {rPois} (You found it in a treasure trove)
 86205 | D:14     | XOM: harmless Chrm miscast
 86216 | D:14     | XOM: medium Tloc miscast
 86341 | Zig:1    | Entered Level 1 of a ziggurat
 86358 | Zig:2    | Entered Level 2 of a ziggurat
 86450 | Zig:3    | Entered Level 3 of a ziggurat
 86482 | Zig:4    | Entered Level 4 of a ziggurat
 86487 | Zig:4    | Noticed Hiruas the pandemonium lord
 86809 | Zot:1    | Learned a level 3 spell: Regeneration
 87479 | Zot:2    | XOM: cast spell 'Olgreb's Toxic Radiance'
 87483 | Zot:2    | XOM: swap monsters
 87493 | Zot:2    | Reached skill level 5 in Air Magic
 87581 | Zot:2    | XOM: blink monster(s)
 87587 | Zot:2    | XOM: enchant monster (bad)
 87593 | Zot:2    | XOM: confusion (+ monsters)
 87594 | Zot:2    | XOM: blink monster(s)
 87597 | Zot:2    | XOM: summons friendly crimson imp
 87909 | Zot:2    | XOM: harmless Pois miscast
 88085 | Zot:2    | XOM: give mutation
 88085 | Zot:2    | Lost mutation: You are surrounded by a mild repulsion field. (EV +2) [Xom's mischief]
 88286 | Zot:2    | XOM: divination: detect items
 88515 | Zot:2    | XOM: scenery: create altars
 88526 | Zot:2    | XOM: give mutations
 88526 | Zot:2    | Gained mutation: You have large cloven feet. [Xom's grace]
 88526 | Zot:2    | Lost mutation: You are frail. (-10% HP) [Xom's grace]
 88569 | Zot:3    | XOM: summons 12 hostile demons
 88584 | Zot:2    | XOM: scenery: create altars
 88641 | Zot:2    | XOM: medium Air miscast
 88702 | Zot:5    | Entered Level 5 of the Realm of Zot
 88713 | Zot:5    | XOM: god gift: sack of spiders {god gift}
 88723 | Zot:5    | Reached skill level 10 in Fighting
 88860 | Zot:3    | XOM: cleaving
 89046 | Zot:5    | XOM: mild Erth miscast
 89146 | Zot:5    | ...
 89193 | Zot:5    | XOM: summons 7 friendly demons
 89196 | Zot:5    | XOM: polymorph Orb Guardian -> Orb Guardian
 89258 | Zot:5    | XOM: potion effect (heal wounds)
 89451 | Zot:5    | Noticed an ancient lich
 89467 | Zot:5    | XOM: divination: detect creatures
 89473 | Zot:5    | XOM: cast spell 'Cause Fear'
 89481 | Zot:5    | Killed an ancient lich
 89481 | Zot:5    | Reached skill level 1 in Earth Magic
 89565 | Zot:5    | Noticed an orb of fire
 89581 | Zot:5    | Noticed an orb of fire
 89586 | Zot:5    | XOM: mild Summ miscast
 89694 | Zot:4    | XOM: harmless Necr miscast
 89695 | Zot:4    | XOM: mild Chrm miscast
 89805 | Zot:5    | XOM: summons friendly quasit
 89822 | Zot:5    | Gained mutation: You are frail. (-10% HP) [an orb of fire]
 89827 | Zot:5    | XOM: summons friendly crimson imp
 89835 | Zot:5    | Killed an orb of fire
 89846 | Zot:5    | Noticed an ancient lich
 89846 | Zot:5    | Noticed an orb of fire
 89876 | Zot:5    | Noticed an orb of fire
 89878 | Zot:5    | Noticed an orb of fire
 89883 | Zot:5    | Noticed an ancient lich
 89883 | Zot:5    | Noticed an orb of fire
 89894 | Zot:5    | XOM: confuse monster(s)
 89896 | Zot:5    | XOM: cast spell 'Metabolic Englaciation'
 89903 | Zot:5    | Got the Orb of Zot
 89904 | Zot:5    | XOM: enchant monster (good)
 89918 | Zot:5    | XOM: summons friendly crimson imp
 89919 | Zot:5    | Noticed an ancient lich
 89924 | Zot:5    | XOM: enchant monster (good)
 89925 | Zot:5    | XOM: polymorph crimson imp -> iron imp
 89939 | Zot:5    | XOM: confuse monster(s)
 89945 | Zot:5    | XOM: 1-stop teleportation journey
 89949 | Zot:5    | XOM: scenery: create altars
 89954 | Zot:5    | Gained mutation: You are very dopey. (Int -4) [an orb of fire]
 89955 | Zot:5    | XOM: 2-stop teleportation journey
 89956 | Zot:5    | XOM: polymorph quicksilver dragon -> sphinx
 90069 | Depths:5 | XOM: cleaving
 90099 | Depths:5 | XOM: harmless Tloc miscast
 90200 | Depths:2 | XOM: destruction
 90214 | Depths:2 | Noticed Soxa the pandemonium lord
 90222 | Depths:2 | Noticed Seenaewi the pandemonium lord
 90400 | D:8      | XOM: harmless Summ miscast
 90530 | D:2      | XOM: noise
 90533 | D:2      | XOM: harmless Tmut miscast
 90570 | D:1      | XOM: butterfly on damage
 90582 | D:$      | Escaped with the Orb!
